Cogmind - Beta 11.1 *** ADVENTURER MODE // 2022.05.18 @ 00:58:40 Player: Fgdfgfthgr Result: Destroyed by P-80 Master with Gamma Rifle Performance ------------- Evolutions (7) 3500 Regions Visited (36) 7200 Robots Destroyed (430) 2150 Value Destroyed (17330) 17330 Prototype IDs (110) 2200 Alien Tech Used (7) 1400 Bonus (11293) 11293 TOTAL SCORE: 45073 Bonus ------- High Alert Combat Kills 896 Follower Combat Kills 4252 Network Hubs Disabled 400 Met Data Miner 300 Destroyed Z-Imprinter 1000 Triggered Deep Caves Wall 500 Exposed GOLEM Chamber 500 Met Zhirov 300 Built Enhanced Grunts 300 A7 Reached Mainframe 300 Met R17 at Cetus 500 Used Core Reset Matrix 3000 Friendly Fire -955 Cogmind --------- Core Integrity 0/1300 Matter 266/300 Energy 99/100 System Corruption 1% Temperature Cool (0) Movement Core (50) Location -3/Section 7 Parts ------- > --- POWER (2) -------- (None) > --- PROPULSION (3) --- (None) > --- UTILITY (14) ----- Experimental Optical Array Advanced Signal Interpreter Advanced Terrain Scan Processor Graphene Brace > --- WEAPON (3) ------- (None) > --- INVENTORY (5) ---- Experimental Targeting Computer Advanced Force Field GOLEM Unit CR-A16's Behemoth Slayer Peak State ------------ > --- POWER ------------ Improved Fusion Compressor Particle Reactor > --- PROPULSION ------- Enhanced Biometal Leg Assembled Alloy Leg High-density Centrium Leg > --- UTILITY ---------- Advanced Power Amplifier Experimental Cooling System High-capacity Storage Unit Assembled Biocell Array Advanced Signal Interpreter Advanced Terrain Scan Processor 0b10 Alert Chip Experimental Phase Shifter Centrium Medium Armor Plating Assembled Alloy Armor Advanced Force Field Phase Redirector GOLEM Unit > --- WEAPON ----------- Assembled Focal Cannon Assembled Focal Cannon CR-A16's Behemoth Slayer > --- INVENTORY -------- Particle Reactor Large Storage Unit Improved Matter Compressor Experimental Optical Array Advanced Sensor Array Advanced Sensor Array Long-range Terrain Scanner Precision Energy Filter Improved Power Shielding Reflective Plating Graphene Brace Experimental Thermal Shield Advanced System Restoration Module GOLEM Unit Transdimensional Reconstructor EMDS Smartbomb Launcher [Rating: 188] Favorites ----------- Power Zionite Light DM Reactor Engine Light Angular Momentum Engine Power Core Light Nuclear Core Reactor Zionite Light DM Reactor Propulsion Assembled Alloy Leg Treads Advanced Treads Leg Assembled Alloy Leg Utility Advanced Signal Interpreter Device Experimental Heat Sink Storage High-capacity Storage Unit Processor Advanced Signal Interpreter Hackware Makeshift System Shield Protection Assembled Alloy Armor Artifact Phase Redirector Weapon Assembled Focal Cannon Energy Gun Precision Beam Rifle Energy Cannon Assembled Focal Cannon Ballistic Gun Improved Assault Rifle Launcher Missile Launcher Special Weapon Improved Remote Datajack Slashing Weapon Tearclaws Piercing Weapon CR-A16's Behemoth Slayer Build | -11 -10 -10 -9 -9 -9 -8 -8 -8 -7 -7 -7 -7 -6 -6 -6 -6 -6 -6 -5 -5 -5 -5 -5 -5 -5 -5 -4 -4 -4 -4 -4 -4 -3 -3 -3 -3 ------- Run | Scr Mat Min Mat Min Exi Min Mat Sto Fac Low Low Dat Pro Fac Low Low Zio Dee Pro Fac Was Fac Ext Cet Arc Hub Fac Was Fac Upp Upp Zhi Pro Res Qua Sec Slots Evolved 14 | . . . 2 . . . 2 . 2 . . . . 2 . . . . . 2 . . . . . . 2 . . . . . . 2 . . Power 1 | . . . . . . . . . . . . . . 1 . . . . . . . . . . . . . . . . . . . . . . Propulsion 1 | . . . 1 . . . . . . . . . . . . . . . . . . . . . . . . . . . . . . . . . Utility 12 | . . . 1 . . . 2 . 2 . . . . 1 . . . . . 2 . . . . . . 2 . . . . . . 2 . . Weapon . | . . . . . . . . . . . . . . . . . . . . . . . . . . . . . . . . . . . . . Parts Attached 411 | . 14 2 26 1 1 2 23 22 30 5 21 2 12 53 12 7 2 36 1 9 2 . 3 3 4 11 5 1 16 6 13 4 17 17 24 4 Power 30 | . 4 . 3 1 . 1 3 2 1 1 . . . 5 . . . 5 . . . . . . . . . . 1 . . . 1 2 . . Engine 12 | . 3 . 2 1 . 1 . . 1 . . . . 3 . . . 1 . . . . . . . . . . . . . . . . . . Core 11 | . 1 . 1 . . . 3 2 . 1 . . . 2 . . . . . . . . . . . . . . . . . . . 1 . . Reactor 7 | . . . . . . . . . . . . . . . . . . 4 . . . . . . . . . . 1 . . . 1 1 . . Propulsion 45 | . 4 . 11 . . . 2 7 4 1 . . . 4 1 1 . 1 . . . . . . . 4 . . 4 . . . . . 1 . Treads 22 | . 2 . 11 . . . 2 7 . . . . . . . . . . . . . . . . . . . . . . . . . . . . Leg 23 | . 2 . . . . . . . 4 1 . . . 4 1 1 . 1 . . . . . . . 4 . . 4 . . . . . 1 . Wheel . | . . . . . . . . . . . . . . . . . . . . . . . . . . . . . . . . . . . . . Hover . | . . . . . . . . . . . . . . . . . . . . . . . . . . . . . . . . . . . . . Flight . | . . . . . . . . . . . . . . . . . . . . . . . . . . . . . . . . . . . . . Utility 238 | . 4 1 6 . . 1 11 7 24 3 4 . 6 32 7 3 . 22 1 8 2 . 1 3 2 4 2 . 10 6 13 4 14 15 22 . Device 142 | . 2 1 2 . . 1 2 4 16 2 2 . 4 25 6 1 . 7 . 1 . . 1 1 1 3 2 . 7 5 9 1 13 9 14 . Storage 11 | . 2 . 1 . . . . . 1 . . . . . . . . 2 . 2 1 . . . . . . . . . . 1 . 1 . . Processor 9 | . . . . . . . 2 . 2 . . . . . . 1 . . . 1 . . . . . . . . 1 . . . . 1 1 . Hackware 9 | . . . . . . . 1 . 2 1 . . . 2 . . . . . 1 . . . . . . . . . . 1 . . 1 . . Protection 65 | . . . 3 . . . 6 3 3 . 2 . 2 5 1 1 . 13 1 3 1 . . 2 1 1 . . 2 1 3 2 1 3 5 . Artifact 2 | . . . . . . . . . . . . . . . . . . . . . . . . . . . . . . . . . . . 2 . Weapon 98 | . 2 1 6 . 1 . 7 6 1 . 17 2 6 12 4 3 2 8 . 1 . . 2 . 2 3 3 1 1 . . . 2 . 1 4 Energy Gun 50 | . 2 1 5 . . . 2 5 1 . 12 1 4 8 3 2 1 3 . . . . . . . . . . . . . . . . . . Energy Cannon 9 | . . . . . . . . . . . . . . . . . 1 4 . . . . . . 1 1 1 . . . . . . . 1 . Ballistic Gun 6 | . . . 1 . 1 . 3 . . . . . . . . . . . . . . . . . . 1 . . . . . . . . . . Ballistic Cannon . | . . . . . . . . . . . . . . . . . . . . . . . . . . . . . . . . . . . . . Launcher 20 | . . . . . . . 2 1 . . 4 . 2 4 1 1 . 1 . . . . 1 . 1 . . 1 . . . . 1 . . . Special Weapon 5 | . . . . . . . . . . . . 1 . . . . . . . . . . 1 . . 1 2 . . . . . . . . . Impact Weapon . | . . . . . . . . . . . . . . . . . . . . . . . . . . . . . . . . . . . . . Slashing Weapon 1 | . . . . . . . . . . . 1 . . . . . . . . . . . . . . . . . . . . . . . . . Piercing Weapon 7 | . . . . . . . . . . . . . . . . . . . . 1 . . . . . . . . 1 . . . 1 . . 4 Special Melee Weapon . | . . . . . . . . . . . . . . . . . . . . . . . . . . . . . . . . . . . . . Unidentified Prototypes 31 | . 1 . 1 . . . 1 3 1 . 1 . . . 1 . . 8 1 . . . . . 2 1 . . . . . 3 . 1 4 2 Parts Lost 24 | . . . 1 . . . . . . . . . . 1 . . . 3 . 3 . . . 1 . . . . 2 . 1 . . 2 7 3 Power 4 | . . . . . . . . . . . . . . 1 . . . 2 . . . . . . . . . . . . . . . 1 . . Propulsion . | . . . . . . . . . . . . . . . . . . . . . . . . . . . . . . . . . . . . . Utility 17 | . . . . . . . . . . . . . . . . . . 1 . 3 . . . 1 . . . . 1 . 1 . . 1 6 3 Weapon 3 | . . . 1 . . . . . . . . . . . . . . . . . . . . . . . . . 1 . . . . . 1 . Highest Loss Streak 5 | . . . 1 . . . . . . . . . . 1 . . . 2 . 1 . . . 1 . . . . 1 . 1 . . 2 5 2 To Critical Strikes . | . . . . . . . . . . . . . . . . . . . . . . . . . . . . . . . . . . . . . Average Slot Usage (%) 96 | . 96 100 99 99 100 99 99 99 99 99 98 100 99 99 98 99 100 94 97 94 98 100 100 99 99 91 80 74 92 93 95 94 92 93 90 27 Engine 3 | . 7 14 9 3 11 10 1 . 5 5 . . . 3 6 6 6 4 . . . . . . . . . . . . . . . . . . Core 3 | . 6 . 1 6 . . 7 9 1 1 7 7 7 8 6 6 6 . . . . . . . . . . . . . . . . 2 3 . Reactor 3 | . . . . . . . . . . . . . . . . . . 6 12 11 11 11 11 11 11 11 10 7 10 10 10 10 10 4 3 . Treads 8 | . 15 28 33 33 33 33 27 27 . . . . . . . . . . . . . . . . . . . . . . . . . . . . Leg 12 | . 12 . . . . . . . 23 23 23 23 23 20 20 20 20 19 19 16 16 16 16 16 16 16 15 15 13 15 15 15 15 13 12 . Device 14 | . 10 14 10 11 11 11 15 13 15 14 14 15 15 13 13 12 13 9 12 9 11 11 11 11 11 11 15 15 26 23 23 19 19 26 18 7 Storage 9 | . 14 14 11 11 11 11 9 9 7 7 7 7 7 6 6 6 6 8 12 11 11 11 11 11 11 11 10 10 10 10 10 10 10 9 8 3 Processor 9 | . . . . . . . 6 9 14 15 15 15 15 13 13 12 13 11 6 11 11 11 11 11 11 11 10 10 15 15 15 15 15 13 16 15 Hackware 3 | . . . . . . . 1 . 6 7 7 7 7 13 13 13 13 1 . 5 5 5 5 5 5 3 . . . . . . . . . . Protection 9 | . . . 11 11 11 11 11 13 7 7 7 7 7 5 6 6 6 16 19 15 15 16 16 15 15 11 10 7 5 5 6 9 9 8 8 . Energy Gun 9 | . 27 28 19 11 11 11 7 16 15 15 13 14 14 12 10 12 10 7 . . . . . . . . . . . . . . . . . . Energy Cannon 3 | . . . . . . . . . . . . . . . . . 2 4 12 11 11 11 11 11 11 8 6 5 7 10 10 10 7 9 8 . Ballistic Gun 1 | . . . 2 11 11 11 10 1 . . . . . . . . . . . . . . . . . . . . . . . . . . . . Naked Turns . | . . . . . . . . . . . . . . . . . . . . . . . . . . . . . . . . . . . . . Heaviest Build 152 | 11 34 34 61 55 53 57 69 68 44 41 46 36 45 55 51 58 56 85 80 100 107 107 113 120 122 147 152 141 120 124 124 120 129 134 149 5 Greatest Support 110 | 20 40 40 68 66 66 66 66 66 50 55 55 55 55 56 56 56 56 84 84 84 84 84 60 60 60 90 90 90 90 110 90 90 90 90 92 3 Greatest Overweight (x) 3 | . . . 1 . . . 1 1 . . . . . . . 1 . 1 . 1 1 1 1 1 2 2 1 1 3 1 1 1 1 1 1 1 Average Overweight (x) . | . . . . . . . . . . . . . . . . . . . . . . 1 1 1 1 1 1 . 1 . 1 1 1 1 . . Largest Inventory Capacity 20 | . 15 15 20 20 20 20 20 20 20 15 15 15 15 15 15 15 15 15 15 20 20 20 20 20 20 20 20 20 20 20 20 20 20 20 20 5 Average Capacity 17 | . 9 15 19 20 20 20 20 20 15 15 15 15 15 15 15 15 15 14 15 15 19 20 20 20 20 20 20 20 20 20 20 20 20 20 19 5 Most Carried 20 | . 15 15 20 20 20 20 20 20 20 15 15 15 15 15 15 15 15 15 15 14 17 18 20 20 20 20 20 19 18 16 19 20 20 20 20 5 Average Carried 16 | . 8 14 19 20 19 19 19 19 14 14 14 14 14 14 14 14 14 14 15 13 16 17 19 19 19 19 19 18 15 15 17 19 19 15 18 4 Final Capacity 20 | 8 15 15 20 20 20 20 20 20 15 15 15 15 15 15 15 15 15 15 15 15 20 20 20 20 20 20 20 20 20 20 20 20 20 20 5 5 Final Carried 20 | 6 15 15 20 20 20 19 20 20 15 15 15 15 15 15 15 15 15 15 15 14 17 18 20 20 20 20 19 19 15 16 19 20 18 20 5 5 Class Distribution -------------------- 34% | Mutant 27% | Hacker-Mutant 13% | Scavenger-Assassin 8% | Scavenger-Mutant 3% | Scavenger-Skirmisher Dominant Class ---------------- Mutant | -10/Materials Mutant | -10/Mines Mutant | -9/Materials Mutant | -9/Mines Mutant | -9/Exiles Commander-Mutant | -8/Mines Mutant | -8/Materials Mutant | -8/Storage Hacker-Mutant | -7/Factory Hacker-Mutant | -7/Lower Caves Hacker-Mutant | -7/Lower Caves Hacker-Mutant | -7/Data Miner Hacker-Mutant | -6/Proximity Caves Hacker-Mutant | -6/Factory Hacker-Mutant | -6/Lower Caves Hacker-Mutant | -6/Lower Caves Hacker-Mutant | -6/Zion Scavenger-Mutant | -6/Deep Caves Mutant | -5/Proximity Caves Hacker-Mutant | -5/Factory Scavenger-Assassin | -5/Waste Scavenger-Assassin | -5/Factory Scavenger-Assassin | -5/Extension Commander-Mutant | -5/Cetus Scavenger-Tank | -5/Archives Hacker-Skirmisher | -5/Hub_04(d) Scavenger-Mutant | -4/Factory Scavenger-Skirmisher | -4/Waste Scavenger-Assassin | -4/Factory Scavenger-Assassin | -4/Upper Caves Scavenger-Assassin | -4/Upper Caves Scavenger-Assassin | -4/Zhirov Scavenger-Assassin | -3/Proximity Caves Commander-Assassin | -3/Research Assassin | -3/Quarantine Mutant | -3/Section 7 Resources | -11 -10 -10 -9 -9 -9 -8 -8 -8 -7 -7 -7 -7 -6 -6 -6 -6 -6 -6 -5 -5 -5 -5 -5 -5 -5 -5 -4 -4 -4 -4 -4 -4 -3 -3 -3 -3 ----------- Run | Scr Mat Min Mat Min Exi Min Mat Sto Fac Low Low Dat Pro Fac Low Low Zio Dee Pro Fac Was Fac Ext Cet Arc Hub Fac Was Fac Upp Upp Zhi Pro Res Qua Sec Matter Collected 7059 | 194 140 20 335 49 6 93 680 278 300 20 467 . 263 590 225 76 19 505 20 80 20 . 10 66 47 253 162 . 129 226 390 250 508 180 458 . Remotely . | . . . . . . . . . . . . . . . . . . . . . . . . . . . . . . . . . . . . . Salvage Created 19851 | . 657 326 2320 243 32 389 2124 1965 564 40 378 . 267 1181 431 221 . 664 174 729 . 114 241 428 60 1612 372 274 380 78 601 . 739 620 1471 156 Parts 1037 | . 42 19 161 22 . 26 124 93 17 . 10 . 13 59 18 10 . 26 8 47 . 2 16 17 . 67 16 . 25 6 20 . 31 37 94 11 Haulers Intercepted 26 | . 2 . 6 . . . 5 6 2 . . . . . 1 . . . . . . 1 . . . 2 . . . . . . . 1 . . Recyclers Shooed 13 | . . . 3 . . . 4 1 . . . . . 2 . . . . . 1 . . . . . 1 . . . . . . 1 . . . Parts Field Recycled . | . . . . . . . . . . . . . . . . . . . . . . . . . . . . . . . . . . . . . Retrieved Matter . | . . . . . . . . . . . . . . . . . . . . . . . . . . . . . . . . . . . . . Parts Self-Destructed 115 | . . . . . . . . . . . 10 . 15 . 14 8 . . 8 . . . . . . . . . . 6 20 . 34 . . . Prevented 13 | . . . . . . . . . . . 2 . . . . . . . 2 . . . . . . . . . . . . . 9 . . . Kills | -11 -10 -10 -9 -9 -9 -8 -8 -8 -7 -7 -7 -7 -6 -6 -6 -6 -6 -6 -5 -5 -5 -5 -5 -5 -5 -5 -4 -4 -4 -4 -4 -4 -3 -3 -3 -3 ------- Run | Scr Mat Min Mat Min Exi Min Mat Sto Fac Low Low Dat Pro Fac Low Low Zio Dee Pro Fac Was Fac Ext Cet Arc Hub Fac Was Fac Upp Upp Zhi Pro Res Qua Sec Combat Hostiles Destroyed 347 | . 17 7 41 8 . 7 39 24 7 1 11 . 11 21 11 5 . 31 6 11 . . 4 7 . 18 6 1 5 1 8 . 13 4 22 . Guns 166 | . 17 7 40 8 . 7 34 22 6 . 2 . 2 13 2 . . 5 . . . . . . . 1 . . . . . . . . . . Cannons 90 | . . . . . . . . . . . . . . . . . . . 6 10 . . 4 7 . 17 3 . 4 1 8 . 5 4 21 . AOE 72 | . . . . . . . 5 . . . 9 . 9 5 8 3 . 24 . . . . . . . . . 1 . . . . 8 . . . Classes Destroyed 25 | . 4 2 4 1 . 1 1 . 1 . 2 . . . . . . 4 . 1 . . . . . 1 . 1 . . . . . . 1 1 Worker 15 | . . 2 2 . . 1 3 1 . . . . . 4 . . . . . . . . . . . 2 . . . . . . . . . . Builder 8 | . . . . 1 . 2 . . . . . . . . . . . . . . . . . . . 1 . . . . . . 2 2 . . Tunneler 4 | . . 1 2 . . 1 . . . . . . . . . . . . . . . . . . . . . . . . . . . . . . Hauler 26 | . 2 . 6 . . . 5 6 2 . . . . . 1 . . . . . . 1 . . . 2 . . . . . . . 1 . . Recycler 15 | . . . 3 1 . . 1 5 . . . . . . . . . . . 1 . . . . . 1 . . . . . . 1 2 . . Minesweeper 4 | . . . . . . . . . . . 2 . . . . 1 . . . . . . . . . . . . . . . . 1 . . . Operator 5 | . . . 2 . . . . 1 . . . . . . . . . . . . . . . . . . . . 1 . . . . . 1 . Watcher 25 | . 3 . 5 . . . 3 2 2 . . . . 4 . . . . . 1 . . . 1 . . . . . . . . 2 . 2 . Swarmer 75 | . 6 2 11 7 . 3 6 . . . . . 7 6 4 3 . . 5 4 . . 1 . . . 1 . . . . . 4 . 5 . Grunt 114 | . 11 5 19 1 . 3 20 10 . . 3 . 2 8 5 . . . . . . . 2 3 . 7 2 . . . 7 . 1 . 5 . Brawler 7 | . . . . . . . 3 . . . 3 . . 1 . . . . . . . . . . . . . . . . . . . . . . Duelist 7 | . . . 1 . . . 1 . . . 2 . . . . . . . . . . . . . . 1 2 . . . . . . . . . Protector 2 | . . . . . . . . . . . . . . . . . . . . . . . . . . 2 . . . . . . . . . . Researcher 3 | . . . . . . . . . . . . . . . . . . . . . . . . . . . . . . . . . . . . 3 Sentry 49 | . . . 10 . . . 8 12 3 . 1 . 1 2 . . . . . 2 . . 1 . . 2 . . 1 1 . . 4 1 . . Hunter 22 | . . . . . . 2 1 2 1 . . . 1 1 2 2 . . . 2 . . . 2 . 1 . . . . . . 3 . 2 . Programmer 29 | . . . . . . . . . 3 1 . . . 3 . . . . 1 2 . . . . . 2 1 . 3 . 1 . 1 3 8 . Behemoth 2 | . . . . . . . . . . . . . . . . . . . . 1 . . . . . . . . 1 . . . . . . . Compactor 1 | . . . . . . . . . . . . . . . . . . . . . . . . . . . . 1 . . . . . . . . Cetus Guard 2 | . . . . . . . . . . . . . . . . . . . . . . . . 2 . . . . . . . . . . . . Quarantine Guard 1 | . . . . . . . . . . . . . . . . . . . . . . . . . . . . . . . . . . . 1 . Lightning 3 | . . . . . . . . . . . . . . . . . . . . . . . . . . 3 . . . . . . . . . . Alpha 7 1 | . . . . . . . . . . . . . . . . . . . . . . . . . . . . . . . . . . . 1 . Z-Light 4 | . . . . . . . . . . . . . . . . . . 4 . . . . . . . . . . . . . . . . . . Thief 2 | . . . . . . . . . . . 2 . . . . . . . . . . . . . . . . . . . . . . . . . Assembler 2 | . . . . . . . . . . . . . . . . . . 2 . . . . . . . . . . . . . . . . . . Assembled 25 | . . . . . . . . . . . . . . . . . . 25 . . . . . . . . . . . . . . . . . . Golem 2 | . . . . . . . . . . . . . . . . . . 2 . . . . . . . . . . . . . . . . . . Savage 1 | . . . . . . . . . . . . . . . . . . . . . . . . . 1 . . . . . . . . . . . Best Kill Streak 26 | . 6 2 6 3 . 3 6 5 2 1 7 . 6 7 5 3 . 26 5 8 . 1 1 3 . 5 3 1 3 1 3 . 6 4 5 2 Combat Bots Only 24 | . 6 2 6 3 . 3 4 3 1 1 7 . 6 4 5 3 . 24 5 5 . . 1 3 . 3 3 1 3 1 3 . 4 4 5 . Max Kills in Single Turn 7 | . 2 1 2 2 . 2 2 2 1 1 3 . 3 3 3 3 . 7 1 1 . 1 1 1 1 2 1 1 1 1 1 . 3 1 1 1 Gunslinging 1 | . 1 . 1 1 . . . . . . 1 . . 1 . . . . . . . . . . . . . . . . . . . . . . Exploded 7 | . . . . . . . 2 . . . 3 . 3 3 3 3 . 7 . . . . . . . . . 1 . . . . 3 . . . Melee . | . . . . . . . . . . . . . . . . . . . . . . . . . . . . . . . . . . . . . Uniques/NPCs Destroyed 1 | . . . . . . . . . . . . . . . . . . 1 . . . . . . . . . . . . . . . . . . Z-Imprinter (-6/Deep Caves) Combat | -11 -10 -10 -9 -9 -9 -8 -8 -8 -7 -7 -7 -7 -6 -6 -6 -6 -6 -6 -5 -5 -5 -5 -5 -5 -5 -5 -4 -4 -4 -4 -4 -4 -3 -3 -3 -3 -------- Run | Scr Mat Min Mat Min Exi Min Mat Sto Fac Low Low Dat Pro Fac Low Low Zio Dee Pro Fac Was Fac Ext Cet Arc Hub Fac Was Fac Upp Upp Zhi Pro Res Qua Sec Damage Taken 11715 | . 327 135 738 63 . 240 867 730 312 48 54 . 45 766 243 102 . 810 52 558 . . 154 121 . 368 287 36 329 23 246 . 572 219 2454 816 Core 2203 | . 116 16 74 19 . 29 98 78 48 7 . . 15 90 32 7 . 63 8 28 . . . 7 . 47 8 . 77 . 34 . 60 7 609 626 Absorbed by Shields 1739 | . . . . . . . 277 20 184 18 . . 9 278 79 . . . . . . . 71 46 . 79 111 14 124 8 63 . . 22 336 . Redirected to Core 137 | . . . . . . . . . . . . . . . . . . . . . . . . . . . . . . . . . . . 137 . Redirected to Shielding 233 | . . . . . . . . . . . . . . . . . . 77 . 83 . . 57 11 . . . . . . . . . . 5 . Regen/Repaired (Parts) 644 | . . . 104 . . . . 168 . . . . . 48 . . . . . . . . . . . . . . 253 . . . . . 71 . Core Remaining (%) 78 | 100 . 47 . . . 69 . 68 . . . . 90 . . . . . 76 . . . . . . 91 . . . . . . 84 . . . Volleys Fired 1059 | . 42 16 111 14 1 21 121 110 40 5 26 2 14 64 21 12 3 47 9 32 . 1 20 18 4 78 24 8 19 4 23 . 49 26 74 . Largest 2 | . 2 2 2 2 2 2 2 2 2 2 2 1 2 2 2 2 1 2 2 2 . 2 2 2 2 2 1 1 2 2 2 . 2 2 2 . Hottest 162 | . 112 112 112 79 79 79 84 122 122 122 122 5 122 136 122 122 81 162 50 50 . 50 50 50 50 58 70 46 50 50 50 . 50 50 70 . Shots Fired 1918 | . 84 32 221 28 2 40 237 211 80 10 34 2 22 117 35 23 3 77 17 58 . 2 37 31 7 144 24 8 30 8 44 . 65 52 133 . Gun 1215 | . 84 32 221 28 2 40 233 211 80 10 18 . 16 106 28 22 2 48 . . . . . . . 34 . . . . . . . . . . Cannon 609 | . . . . . . . . . . . . . . . . . 1 19 17 58 . 2 36 29 6 109 18 . 30 8 44 . 47 52 133 . Launcher 81 | . . . . . . . 4 . . . 16 . 6 11 7 1 . 10 . . . . . . . . . 8 . . . . 18 . . . Special 13 | . . . . . . . . . . . . 2 . . . . . . . . . . 1 2 1 1 6 . . . . . . . . . Kinetic 244 | . . . 25 14 1 21 136 13 . . . . . . . . . . . . . . . . . 34 . . . . . . . . . . Thermal 1546 | . 84 32 196 14 1 19 97 198 80 10 18 . 16 106 28 22 2 48 17 58 . 2 36 29 6 109 11 . 30 8 44 . 47 52 126 . Explosive 71 | . . . . . . . 4 . . . 16 . 6 1 7 1 . 10 . . . . . . . . . 8 . . . . 18 . . . Electromagnetic 44 | . . . . . . . . . . . . . . 10 . . 1 19 . . . . . . . . 7 . . . . . . . 7 . Robot Hit Streak 45 | . 17 26 33 8 9 12 26 45 33 14 29 1 15 40 36 15 . 11 14 13 . 4 10 21 6 23 11 . 11 11 16 . 20 14 16 . Robot Miss Streak 4 | . 3 1 3 1 . 3 2 2 1 . . 1 . 2 . 2 . 4 1 3 . . 2 1 1 3 1 . 1 1 1 . 1 2 4 . Penetration Max 1 | . . . . . . . . . . . . . . . . . . . . . . . . . . 1 . . . . . . . . . . Secondary Targets 20 | . 3 1 6 2 . 2 2 . . . 1 . . 2 1 . . . . . . . . . . . . . . . . . . . . . Max Gunslinging Chain 1 | . 1 1 1 1 . 1 1 . . . 1 . . 1 1 . . . . . . . . . . . . . . . . . . . . . Shots Hit Robots 1437 | . 66 26 176 20 1 27 192 159 68 9 15 1 14 94 26 19 . 48 10 46 . 2 26 25 6 114 20 . 18 6 33 . 41 34 92 3 Core Hits 751 | . 22 13 74 12 2 13 87 59 24 . 28 . 20 57 23 8 . 69 6 17 . 1 7 12 3 49 5 4 6 2 14 . 55 15 39 5 Critical Kills . | . . . . . . . . . . . . . . . . . . . . . . . . . . . . . . . . . . . . . Critical Parts Destroyed 2 | . . . . . . . 1 . . . . . . . . . . . . . . . . . . 1 . . . . . . . . . . Critical Strikes 84 | . 8 3 19 1 . 1 9 16 4 1 1 . . 7 2 5 . 5 . . . . . . . 1 1 . . . . . . . . . Burn 80 | . 8 3 19 1 . 1 8 16 4 1 1 . . 7 2 5 . 4 . . . . . . . . . . . . . . . . . . Destroy 2 | . . . . . . . 1 . . . . . . . . . . . . . . . . . . 1 . . . . . . . . . . Corrupt 2 | . . . . . . . . . . . . . . . . . . 1 . . . . . . . . 1 . . . . . . . . . Melee Attacks 32 | . . . . . . . . . . . 14 . . . . . . . . 7 . . . . . . . . 1 . . . . . . 10 Impact . | . . . . . . . . . . . . . . . . . . . . . . . . . . . . . . . . . . . . . Slashing 14 | . . . . . . . . . . . 14 . . . . . . . . . . . . . . . . . . . . . . . . . Piercing 18 | . . . . . . . . . . . . . . . . . . . . 7 . . . . . . . . 1 . . . . . . 10 Sneak Attacks 3 | . . . . . . . . . . . . . . . . . . . . . . . . . . . . . . . . . . . . 3 Combat Hostiles . | . . . . . . . . . . . . . . . . . . . . . . . . . . . . . . . . . . . . . Follow-up Attacks . | . . . . . . . . . . . . . . . . . . . . . . . . . . . . . . . . . . . . . Damage Inflicted 51104 | . 1170 459 3183 330 34 430 3793 3099 1297 187 1357 . 1064 2634 1388 523 . 2943 504 1990 . 74 1418 1237 241 5417 758 2690 765 280 1543 . 3888 1628 4536 244 Guns 17581 | . 1168 442 3180 330 34 430 3328 3090 1297 187 255 . 171 1668 443 327 . 567 . . . . . . . 664 . . . . . . . . . . Cannons 21371 | . . . . . . . . . . . . . . . . . . 436 504 1825 . 74 1418 1237 241 4347 758 . 765 280 1543 . 1779 1628 4536 . Explosions 11701 | . . . . . . . 456 . . . 1102 . 893 964 945 196 . 1940 . . . . . . . 406 . 2690 . . . . 2109 . . . Melee 396 | . . . . . . . . . . . . . . . . . . . . 165 . . . . . . . . . . . . . . . 231 Ramming 55 | . 2 17 3 . . . 9 9 . . . . . 2 . . . . . . . . . . . . . . . . . . . . . 13 Kinetic 3167 | . . . 326 139 16 191 1712 119 . . . . . . . . . . . . . . . . . 664 . . . . . . . . . . Thermal 35065 | . 1168 442 2854 191 18 239 1616 2971 1297 187 255 . 171 1891 443 327 . 567 504 1825 . 74 1418 1237 241 4347 461 . 765 280 1543 . 1779 1628 4326 . Explosive 10554 | . . . . . . . 456 . . . 1102 . 893 223 945 196 . 1940 . . . . . . . . . 2690 . . . . 2109 . . . Electromagnetic 1867 | . . . . . . . . . . . . . . 518 . . . 436 . . . . . . . 406 297 . . . . . . . 210 . Impact . | . . . . . . . . . . . . . . . . . . . . . . . . . . . . . . . . . . . . . Slashing . | . . . . . . . . . . . . . . . . . . . . . . . . . . . . . . . . . . . . . Piercing 396 | . . . . . . . . . . . . . . . . . . . . 165 . . . . . . . . . . . . . . . 231 Highest Corruption 5 | . . . . . . . . 1 1 . . . . 1 . . . . . . . . . 1 . . . 5 5 1 1 . . . 2 1 Average Corruption 1 | . . . . . . . . 1 1 . . . . 1 . . . . . . . . . 1 . . . 5 1 1 1 . . . 1 1 Corruption Purged 12 | . . . . . . . . . 1 . . . . 2 . . . . . . . . . 1 . . . . 5 . 1 . . . 2 . Corruption Blocked . | . . . . . . . . . . . . . . . . . . . . . . . . . . . . . . . . . . . . . Effects 34 | . . . . . . . . 18 . . . . . 2 . . . . . . . . . . . . . . 5 4 1 . . . 3 1 Message Errors 9 | . . . . . . . . 4 . . . . . . . . . . . . . . . . . . . . 2 1 . . . . 2 . Matter Fused 7 | . . . . . . . . 3 . . . . . . . . . . . . . . . . . . . . 2 . 1 . . . 1 . Heat Flow Errors 6 | . . . . . . . . 1 . . . . . 2 . . . . . . . . . . . . . . 1 1 . . . . . 1 Energy Discharges 3 | . . . . . . . . 3 . . . . . . . . . . . . . . . . . . . . . . . . . . . . Data Loss (minor) 4 | . . . . . . . . 2 . . . . . . . . . . . . . . . . . . . . . 2 . . . . . . Data Loss (major) 2 | . . . . . . . . 2 . . . . . . . . . . . . . . . . . . . . . . . . . . . . Misfires 1 | . . . . . . . . 1 . . . . . . . . . . . . . . . . . . . . . . . . . . . . Weapon Failures 2 | . . . . . . . . 2 . . . . . . . . . . . . . . . . . . . . . . . . . . . . Overload Shots . | . . . . . . . . . . . . . . . . . . . . . . . . . . . . . . . . . . . . . Overflow Damage 1087 | . . . . . . . 72 . . . 6 . 15 12 6 . . 190 14 80 . . 2 21 . 147 6 . 55 . 59 . 65 70 267 . Projectiles 735 | . . . . . . . . . . . . . . . . . . 21 14 80 . . 2 21 . 126 6 . 55 . 59 . 14 70 267 . Explosions 352 | . . . . . . . 72 . . . 6 . 15 12 6 . . 169 . . . . . . . 21 . . . . . . 51 . . . Melee . | . . . . . . . . . . . . . . . . . . . . . . . . . . . . . . . . . . . . . Knockbacks 1 | . . 1 . . . . . . . . . . . . . . . . . . . . . . . . . . . . . . . . . . Impact 1 | . . 1 . . . . . . . . . . . . . . . . . . . . . . . . . . . . . . . . . . Kinetic . | . . . . . . . . . . . . . . . . . . . . . . . . . . . . . . . . . . . . . Secondary . | . . . . . . . . . . . . . . . . . . . . . . . . . . . . . . . . . . . . . Self-Inflicted Damage 105 | . . . . . . . . . . . 14 . . . . . . 59 . . . . . . . . . 27 . . . . . . . 5 Shots 5 | . . . . . . . . . . . 1 . . . . . . 2 . . . . . . . . . 2 . . . . . . . . Rammed 13 | . . 2 1 . . . 3 1 . . . . . . . . . . . . . . . . . . . . . . . . . . . 6 Targets Rammed 16 | . 2 2 1 . . . 3 1 . . . . . 1 . . . . . . . . . . . . . . . . . . . . . 6 Kicked 3 | . 2 . . . . . . . . . . . . 1 . . . . . . . . . . . . . . . . . . . . . . Crushed . | . . . . . . . . . . . . . . . . . . . . . . . . . . . . . . . . . . . . . Highest Temperature 572 | . 350 141 199 72 18 163 27 174 18 . . . . 235 120 210 10 373 . . . . . 4 . 572 242 . 156 139 28 . . . 79 170 Average Temperature 73 | . 73 48 85 27 9 43 7 39 12 . . . . 51 44 78 7 133 . . . . . 2 . 198 125 . 80 74 11 . . . 24 104 Received Heat Transfer 2802 | . 126 78 306 6 . 105 504 352 66 . 9 . 8 286 . . . 200 . 60 . . 12 30 . 98 36 . 24 6 251 . 65 36 57 81 Effects 8 | . . . . . . . . . . . . . . . . . . . . . . . . . . 8 . . . . . . . . . . Interference 3 | . . . . . . . . . . . . . . . . . . . . . . . . . . 3 . . . . . . . . . . Short Circuit 2 | . . . . . . . . . . . . . . . . . . . . . . . . . . 2 . . . . . . . . . . Damage (minor) 1 | . . . . . . . . . . . . . . . . . . . . . . . . . . 1 . . . . . . . . . . Damage (major) 2 | . . . . . . . . . . . . . . . . . . . . . . . . . . 2 . . . . . . . . . . Siege Activations . | . . . . . . . . . . . . . . . . . . . . . . . . . . . . . . . . . . . . . Robots Corrupted 8 | . . . . . . . . . . . . . . 1 . . . 2 . . . . . . . 1 3 . . . . . . . 1 . Combat Hostiles 6 | . . . . . . . . . . . . . . . . . . 2 . . . . . . . . 3 . . . . . . . 1 . Parts Fried 9 | . . . . . . . . . . . . . . 4 . . . 1 . . . . . . . . 3 . . . . . . . 1 . Impact Corruptions . | . . . . . . . . . . . . . . . . . . . . . . . . . . . . . . . . . . . . . Robots Melted 13 | . 1 . 1 . . . . 2 1 1 . . . 3 2 2 . . . . . . . . . . . . . . . . . . . . Combat Hostiles 11 | . . . 1 . . . . 2 1 1 . . . 3 1 2 . . . . . . . . . . . . . . . . . . . . Parts Melted 97 | . 4 2 19 2 . 1 5 12 8 5 2 . 1 13 4 6 . 2 . 1 . . . . . . . . . . 4 . 2 1 3 . Heat Transferred 45437 | . 3034 1184 7326 481 37 592 3663 6771 2812 407 629 . 370 4087 1110 1073 . 1209 300 1025 . 50 699 625 124 2017 225 . 425 150 825 . 987 925 2275 . Parts Sabotaged . | . . . . . . . . . . . . . . . . . . . . . . . . . . . . . . . . . . . . . Parts Stolen . | . . . . . . . . . . . . . . . . . . . . . . . . . . . . . . . . . . . . . Parts Stripped . | . . . . . . . . . . . . . . . . . . . . . . . . . . . . . . . . . . . . . Power Chain Reactions 1 | . . . . . . . . . . . . . . 1 . . . . . . . . . . . . . . . . . . . . . . Missiles Intercepted . | . . . . . . . . . . . . . . . . . . . . . . . . . . . . . . . . . . . . . Alert | -11 -10 -10 -9 -9 -9 -8 -8 -8 -7 -7 -7 -7 -6 -6 -6 -6 -6 -6 -5 -5 -5 -5 -5 -5 -5 -5 -4 -4 -4 -4 -4 -4 -3 -3 -3 -3 ------- Run | Scr Mat Min Mat Min Exi Min Mat Sto Fac Low Low Dat Pro Fac Low Low Zio Dee Pro Fac Was Fac Ext Cet Arc Hub Fac Was Fac Upp Upp Zhi Pro Res Qua Sec Peak Influence 875 | . 340 110 515 230 . 231 796 455 164 . . . . 511 . . . . . 168 49 172 344 563 295 875 568 238 190 . . . . 204 220 350 Initial 350 | . . 2 . 61 . . 49 108 . . . . . . . . . . . . 49 . 72 165 189 . 350 166 146 . . . . . 4 17 Average 199 | . 142 35 192 118 . 105 397 237 72 . . . . 339 . . . . . 68 38 64 221 331 156 512 437 213 97 . . . . 93 68 126 Maximum Alert Level 3 | . 1 . 2 1 . 1 3 2 . . . . . 2 . . . . . . . . 1 2 1 3 2 1 . . . . . 1 1 1 Low Security (%) 59 | . 64 100 56 76 . 99 7 48 100 . . . . 13 . . . . . 100 100 100 44 15 51 5 . 31 100 . . . . 96 98 82 Level 1 29 | . 35 . 33 23 . . 50 48 . . . . . 58 . . . . . . . . 55 54 48 41 33 68 . . . . . 3 1 17 Level 2 8 | . . . 10 . . . 32 3 . . . . . 28 . . . . . . . . . 29 . 26 66 . . . . . . . . . Level 3 2 | . . . . . . . 8 . . . . . . . . . . . . . . . . . . 26 . . . . . . . . . . Level 4 . | . . . . . . . . . . . . . . . . . . . . . . . . . . . . . . . . . . . . . Level 5 . | . . . . . . . . . . . . . . . . . . . . . . . . . . . . . . . . . . . . . High Security . | . . . . . . . . . . . . . . . . . . . . . . . . . . . . . . . . . . . . . Max Security . | . . . . . . . . . . . . . . . . . . . . . . . . . . . . . . . . . . . . . Squads Dispatched 50 | . 3 . 5 . . . 7 4 2 . 1 . . 6 . . . . . 1 . . 2 1 . 8 . . 3 . . . . 2 4 1 Investigation 18 | . 3 . 2 . . . 2 3 . . . . . 2 . . . . . . . . . 1 . 3 . . 1 . . . . 1 . . Extermination 14 | . . . . . . . . . 2 . . . . 3 . . . . . 1 . . . . . 1 . . 2 . . . . 1 4 . Reinforcement 12 | . . . 3 . . . 3 1 . . . . . 1 . . . . . . . . 2 . . 1 . . . . . . . . . 1 Assault 4 | . . . . . . . . . . . 1 . . . . . . . . . . . . . . 3 . . . . . . . . . . Garrison 2 | . . . . . . . 2 . . . . . . . . . . . . . . . . . . . . . . . . . . . . . Intercept . | . . . . . . . . . . . . . . . . . . . . . . . . . . . . . . . . . . . . . Searches Triggered . | . . . . . . . . . . . . . . . . . . . . . . . . . . . . . . . . . . . . . Data Miner Redirects 4 | . . . . . . . . . . . . . . . . . . . . . . . . . . 3 . . 1 . . . . . . . Construction Impeded 1 | . . . . . . . . . . . . . . . . . . . . . . . 1 . . . . . . . . . . . . . Haulers Reinforced 1 | . . . . . . . . . . . . . . . . . . . . . . . . . . 1 . . . . . . . . . . Active Scanning Responses . | . . . . . . . . . . . . . . . . . . . . . . . . . . . . . . . . . . . . . Cargo Convoy Interrupts . | . . . . . . . . . . . . . . . . . . . . . . . . . . . . . . . . . . . . . Stealth | -11 -10 -10 -9 -9 -9 -8 -8 -8 -7 -7 -7 -7 -6 -6 -6 -6 -6 -6 -5 -5 -5 -5 -5 -5 -5 -5 -4 -4 -4 -4 -4 -4 -3 -3 -3 -3 --------- Run | Scr Mat Min Mat Min Exi Min Mat Sto Fac Low Low Dat Pro Fac Low Low Zio Dee Pro Fac Was Fac Ext Cet Arc Hub Fac Was Fac Upp Upp Zhi Pro Res Qua Sec Distress Signals 22 | . 1 . 2 . . . 2 4 1 . . . . 1 . . . . . . . . 3 2 . . . . 1 . . . 1 1 . 3 Communications Jammed . | . . . . . . . . . . . . . . . . . . . . . . . . . . . . . . . . . . . . . Distress Signals . | . . . . . . . . . . . . . . . . . . . . . . . . . . . . . . . . . . . . . Times Spotted 538 | . 22 8 56 15 . 12 55 30 13 1 8 . 6 30 4 2 . 59 5 14 . 2 26 14 3 34 14 6 7 1 8 . 16 9 34 24 Peak Tracking Total 34 | . 6 2 6 4 . 4 5 3 4 1 7 . 5 4 5 2 . 34 5 5 . 1 7 4 1 5 4 5 3 1 3 . 5 3 5 16 Tactical Retreats 28 | . 1 1 3 2 . 1 1 3 . . 1 . . 1 . . . . . 1 . . 1 . . 1 4 1 . . . . . 1 2 3 Traps | -11 -10 -10 -9 -9 -9 -8 -8 -8 -7 -7 -7 -7 -6 -6 -6 -6 -6 -6 -5 -5 -5 -5 -5 -5 -5 -5 -4 -4 -4 -4 -4 -4 -3 -3 -3 -3 ------- Run | Scr Mat Min Mat Min Exi Min Mat Sto Fac Low Low Dat Pro Fac Low Low Zio Dee Pro Fac Was Fac Ext Cet Arc Hub Fac Was Fac Upp Upp Zhi Pro Res Qua Sec Traps Triggered 18 | . 1 . . . . . 1 3 1 . . . . 2 . . . . . 2 . . . . . 2 3 . 2 . . . . 1 . . Indirectly 1 | . . . . . . . . . . . . . . 1 . . . . . . . . . . . . . . . . . . . . . . Trap Hack Attempts . | . . . . . . . . . . . . . . . . . . . . . . . . . . . . . . . . . . . . . Triggered . | . . . . . . . . . . . . . . . . . . . . . . . . . . . . . . . . . . . . . Disarmed 6 | . . . . . . . . . . . . . . . . . . . . . . . 6 . . . . . . . . . . . . . Reprogrammed 7 | . 6 . . . . . . . . . . . . . . . . . . . . . . . . . . . . . . . . . . 1 Reused 1 | . . . . . . . . . . . . . . . . . . . . . . . . . . . . . . . . . . . . 1 Traps Extracted . | . . . . . . . . . . . . . . . . . . . . . . . . . . . . . . . . . . . . . Installed . | . . . . . . . . . . . . . . . . . . . . . . . . . . . . . . . . . . . . . Triggered 7 | . . . . . . . . . . 2 1 . . . . . . . 1 . . . . . . . . . . . . . 2 . . 1 Machines | -11 -10 -10 -9 -9 -9 -8 -8 -8 -7 -7 -7 -7 -6 -6 -6 -6 -6 -6 -5 -5 -5 -5 -5 -5 -5 -5 -4 -4 -4 -4 -4 -4 -3 -3 -3 -3 ---------- Run | Scr Mat Min Mat Min Exi Min Mat Sto Fac Low Low Dat Pro Fac Low Low Zio Dee Pro Fac Was Fac Ext Cet Arc Hub Fac Was Fac Upp Upp Zhi Pro Res Qua Sec Machines Disabled 48 | . . . . 1 . 1 2 2 . . 1 . . 4 . . . 2 . . . . 5 2 2 14 1 . . . . . 2 1 5 3 Max in Single Turn 8 | . . . . 1 . . 1 1 . . 1 . . 2 . . . 1 . . . . 1 1 . 8 1 . . . . . 2 1 1 1 Garrison Access 5 | . . . . . . . 1 1 . . . . . 1 . . . . . 1 . . . . . 1 . . . . . . . . . . Network Hub 2 | . . . . . . . . . . . . . . . . . . . . . . . . . . 2 . . . . . . . . . . Machines Sabotaged . | . . . . . . . . . . . . . . . . . . . . . . . . . . . . . . . . . . . . . Garrisons Compromised . | . . . . . . . . . . . . . . . . . . . . . . . . . . . . . . . . . . . . . Overloaded Fab Kills . | . . . . . . . . . . . . . . . . . . . . . . . . . . . . . . . . . . . . . Hacking | -11 -10 -10 -9 -9 -9 -8 -8 -8 -7 -7 -7 -7 -6 -6 -6 -6 -6 -6 -5 -5 -5 -5 -5 -5 -5 -5 -4 -4 -4 -4 -4 -4 -3 -3 -3 -3 --------- Run | Scr Mat Min Mat Min Exi Min Mat Sto Fac Low Low Dat Pro Fac Low Low Zio Dee Pro Fac Was Fac Ext Cet Arc Hub Fac Was Fac Upp Upp Zhi Pro Res Qua Sec Machines Accessed 114 | . 10 1 15 . 2 1 12 17 5 1 1 3 . 7 1 3 . . . 4 . 1 2 1 . 8 . . 3 . . 4 2 3 4 3 Terminals 65 | . 8 . 9 . . 1 7 12 4 . . . . 1 1 1 . . . 1 . 1 2 1 . 7 . . . . . . 1 2 3 3 Fabricators 9 | . . . . . . . . . 1 . . . . 3 . . . . . 2 . . . . . . . . 1 . . . 1 1 . . Repair Stations 10 | . . . 2 . . . 1 2 . . . . . 2 . . . . . . . . . . . . . . 2 . . . . . 1 . Recycling Units 8 | . 2 . 2 . . . 2 2 . . . . . . . . . . . . . . . . . . . . . . . . . . . . Scanalyzers 3 | . . . 2 . . . 1 . . . . . . . . . . . . . . . . . . . . . . . . . . . . . Garrison Access 5 | . . . . . . . 1 1 . . . . . 1 . . . . . 1 . . . . . 1 . . . . . . . . . . Total Hacks 387 | . 28 1 50 . 2 7 43 42 20 1 1 25 . 23 2 6 . . . 13 . 1 13 4 . 39 . . 9 . . 17 5 5 12 18 Successful 251 | . 16 1 38 . 2 3 29 31 10 1 1 25 . 14 2 6 . . . 6 . . 8 . . 17 . . 6 . . 17 3 3 4 8 Failed 135 | . 12 . 11 . . 4 14 11 10 . . . . 9 . . . . . 7 . 1 5 4 . 22 . . 3 . . . 2 2 8 10 Catastrophic 13 | . . . 1 . . . 2 . 1 . . . . . . . . . . 1 . . 1 . . 3 . . 1 . . . . 1 1 1 Database Lockouts 1 | . . . 1 . . . . . . . . . . . . . . . . . . . . . . . . . . . . . . . . . Manual 156 | . 17 . 21 . 2 5 18 12 11 . . . . 8 . . 10 . . 10 . 1 6 1 . 22 . . 1 . . . 3 1 . 7 Terminals 222 | . 26 . 32 . . 7 25 30 13 . . . . 2 2 1 . . . 1 . 1 13 4 . 35 . . . . . . 1 2 9 18 Fabricators 42 | . . . . . . . . . 7 . . . . 13 . . . . . 11 . . . . . . . . 4 . . . 4 3 . . Repair Stations 30 | . . . 6 . . . 3 8 . . . . . 5 . . . . . . . . . . . . . . 5 . . . . . 3 . Recycling Units 12 | . 2 . 3 . . . 4 3 . . . . . . . . . . . . . . . . . . . . . . . . . . . . Scanalyzers 17 | . . . 9 . . . 8 . . . . . . . . . . . . . . . . . . . . . . . . . . . . . Garrison Access 12 | . . . . . . . 3 1 . . . . . 3 . . . . . 1 . . . . . 4 . . . . . . . . . . Terminal Hacks 147 | . 12 1 16 . 2 3 13 15 3 1 1 25 . . 2 6 . . . . . . 7 . . 12 . . . . . 17 1 1 2 7 Record 20 | . . . . . 1 . . . . . 1 6 . . 2 5 . . . . . . . . . . . . . . . 5 . . . . Part Schematic 17 | . . . . . . . . 1 . . . 11 . . . . . . . . . . . . . 1 . . . . . 4 . . . . Robot Schematic 7 | . . . . . . . . . 1 . . 5 . . . . . . . . . . . . . 1 . . . . . . . . . . Robot Analysis 14 | . 2 . 2 . . . 2 1 . . . . . . . . . . . . . . 2 . . 1 . . . . . 4 . . . . Prototype ID Bank 23 | . 3 . 4 . . 2 3 3 . . . 3 . . . . . . . . . . . . . . . . . . . 4 . . 1 . Open Door 10 | . . 1 . . . . . 5 . 1 . . . . . 1 . . . . . . . . . . . . . . . . 1 1 . . Level Access Points 2 | . . . . . . . . 1 . . . . . . . . . . . . . . . . . 1 . . . . . . . . . . Branch Access Points 4 | . 1 . 1 . . . 1 . 1 . . . . . . . . . . . . . . . . . . . . . . . . . . . Emergency Access Points 4 | . 1 . 2 . . . . . . . . . . . . . . . . . . . . . . 1 . . . . . . . . . . Machine Index 1 | . 1 . . . . . . . . . . . . . . . . . . . . . . . . . . . . . . . . . . . Terminal Index 4 | . 1 . . . . . 1 . . . . . . . . . . . . . . . . . . 1 . . . . . . . . . 1 Fabricator Index 1 | . . . . . . . . 1 . . . . . . . . . . . . . . . . . . . . . . . . . . . . Alert Level 4 | . . . 1 . . . 2 1 . . . . . . . . . . . . . . . . . . . . . . . . . . . . Unreport Threat 5 | . . . 3 . . . 2 . . . . . . . . . . . . . . . . . . . . . . . . . . . . . Locate Traps 12 | . 1 . 2 . . . 1 2 . . . . . . . . . . . . . . 2 . . 3 . . . . . . . . . 1 Disarm Traps 1 | . . . . . . . . . . . . . . . . . . . . . . . 1 . . . . . . . . . . . . . Reprogram Traps 3 | . 1 . . . . . . . . . . . . . . . . . . . . . . . . . . . . . . . . . . 2 Recall Investigation 1 | . . . . . . . . . . . . . . . . . . . . . . . . . . 1 . . . . . . . . . . Zone Layout 13 | . 1 . 1 . . 1 1 . 1 . . . . . . . . . . . . . 2 . . 2 . . . . . . . . 1 3 EX-Prototype ID Bank 1 | . . . . . 1 . . . . . . . . . . . . . . . . . . . . . . . . . . . . . . . Fabricator Hacks 12 | . . . . . . . . . 2 . . . . 5 . . . . . 1 . . . . . . . . 1 . . . 1 2 . . Network Status 2 | . . . . . . . . . . . . . . 1 . . . . . 1 . . . . . . . . . . . . . . . . Load Schematic 7 | . . . . . . . . . 1 . . . . 3 . . . . . . . . . . . . . . 1 . . . 1 1 . . Build 3 | . . . . . . . . . 1 . . . . 1 . . . . . . . . . . . . . . . . . . . 1 . . Repair Station Hacks 24 | . . . 5 . . . 1 8 . . . . . 3 . . . . . . . . . . . . . . 5 . . . . . 2 . Scan Component 14 | . . . 3 . . . 1 4 . . . . . 2 . . . . . . . . . . . . . . 3 . . . . . 1 . Repair 10 | . . . 2 . . . . 4 . . . . . 1 . . . . . . . . . . . . . . 2 . . . . . 1 . Recycling Unit Hacks 2 | . . . 1 . . . 1 . . . . . . . . . . . . . . . . . . . . . . . . . . . . . Retrieve Components 2 | . . . 1 . . . 1 . . . . . . . . . . . . . . . . . . . . . . . . . . . . . Scanalyzer 17 | . . . 9 . . . 8 . . . . . . . . . . . . . . . . . . . . . . . . . . . . . Insert Component 8 | . . . 4 . . . 4 . . . . . . . . . . . . . . . . . . . . . . . . . . . . . Analyze 9 | . . . 5 . . . 4 . . . . . . . . . . . . . . . . . . . . . . . . . . . . . Garrison Access Hacks 4 | . . . . . . . 1 1 . . . . . 1 . . . . . 1 . . . . . . . . . . . . . . . . Seal Access 4 | . . . . . . . 1 1 . . . . . 1 . . . . . 1 . . . . . . . . . . . . . . . . Unauthorized Hacks 45 | . 4 . 7 . . . 5 7 5 . . . . 5 . . . . . 4 . . 1 . . 5 . . . . . . 1 . . 1 Terminals 23 | . 2 . 5 . . . 3 5 1 . . . . . . . . . . . . . 1 . . 5 . . . . . . . . . 1 Track 1 | . . . . . . . . . . . . . . . . . . . . . . . . . . 1 . . . . . . . . . . Assimilate 1 | . . . . . . . . . 1 . . . . . . . . . . . . . . . . . . . . . . . . . . . Botnet 13 | . 2 . 3 . . . 2 2 . . . . . . . . . . . . . . 1 . . 2 . . . . . . . . . 1 Detonate 3 | . . . 1 . . . . 1 . . . . . . . . . . . . . . . . . 1 . . . . . . . . . . Disrupt 2 | . . . . . . . 1 1 . . . . . . . . . . . . . . . . . . . . . . . . . . . . Operators 3 | . . . 1 . . . . 1 . . . . . . . . . . . . . . . . . 1 . . . . . . . . . . Fabricators 14 | . . . . . . . . . 4 . . . . 5 . . . . . 4 . . . . . . . . . . . . 1 . . . Report 2 | . . . . . . . . . 1 . . . . . . . . . . 1 . . . . . . . . . . . . . . . . Prioritize 2 | . . . . . . . . . 1 . . . . 1 . . . . . . . . . . . . . . . . . . . . . . Liberate 5 | . . . . . . . . . 1 . . . . 2 . . . . . 2 . . . . . . . . . . . . . . . . Haulers 3 | . . . . . . . . . 1 . . . . 1 . . . . . 1 . . . . . . . . . . . . . . . . Recompile 2 | . . . . . . . . . . . . . . 1 . . . . . . . . . . . . . . . . . . 1 . . . Repair Stations . | . . . . . . . . . . . . . . . . . . . . . . . . . . . . . . . . . . . . . Recycling Units 8 | . 2 . 2 . . . 2 2 . . . . . . . . . . . . . . . . . . . . . . . . . . . . Tunnel 8 | . 2 . 2 . . . 2 2 . . . . . . . . . . . . . . . . . . . . . . . . . . . . Scanalyzers . | . . . . . . . . . . . . . . . . . . . . . . . . . . . . . . . . . . . . . Garrison Access . | . . . . . . . . . . . . . . . . . . . . . . . . . . . . . . . . . . . . . Data Cores Recovered 2 | . . . . . . . . . . . . . . . . . . . . . . . . . . . . . 1 . . . . . 1 . Used . | . . . . . . . . . . . . . . . . . . . . . . . . . . . . . . . . . . . . . Hacking Detections 79 | . 8 . 11 . . 1 11 11 5 . . . . 4 1 . . . . 3 . 1 2 1 . 8 . . 2 . . . 1 2 4 3 Full Trace Events 5 | . . . . . . . . 1 . . . . . . . . . . . . . . . 1 . 2 . . 1 . . . . . . . Feedback Events 1 | . . . . . . . . . . . . . . . . . . . . . . . . 1 . . . . . . . . . . . . Corruption 1 | . . . . . . . . . . . . . . . . . . . . . . . . 1 . . . . . . . . . . . . Feedback Blocked . | . . . . . . . . . . . . . . . . . . . . . . . . . . . . . . . . . . . . . Robot Schematics Acquired 11 | . . . . . . . . . 1 . . 5 . . . . 2 . . . . . . . . 1 . . . . . . . . . 2 Robots Built . | . . . . . . . . . . . . . . . . . . . . . . . . . . . . . . . . . . . . . Authchips . | . . . . . . . . . . . . . . . . . . . . . . . . . . . . . . . . . . . . . Time . | . . . . . . . . . . . . . . . . . . . . . . . . . . . . . . . . . . . . . Total Robot Build Rating . | . . . . . . . . . . . . . . . . . . . . . . . . . . . . . . . . . . . . . Part Schematics Acquired 44 | . . . 3 . . . 4 1 . . . 11 . . . . 14 . . . . . . . . 1 . . . . . 4 . . . 6 Parts Built 3 | . . . . . . . . . 2 . . . . . . . . . . . . . . . . . . . . . . . . 1 . . Authchips 3 | . . . . . . . . . 1 . . . . 1 . . . . . . . . . . . . . . . . . . . 1 . . Time 185 | . . . . . . . . . 47 . . . . 76 . . . . . . . . . . . . . . . . . . . 62 . . Total Part Build Rating 17 | . . . . . . . . . 10 . . . . . . . . . . . . . . . . . . . . . . . . 7 . . Parts Repaired 10 | . . . 2 . . . . 4 . . . . . 1 . . . . . . . . . . . . . . 2 . . . . . 1 . Time 575 | . . . 83 . . . . 210 . . . . . 38 . . . . . . . . . . . . . . 216 . . . . . 28 . Parts Recycled . | . . . . . . . . . . . . . . . . . . . . . . . . . . . . . . . . . . . . . Recycled Matter . | . . . . . . . . . . . . . . . . . . . . . . . . . . . . . . . . . . . . . Retrieved Matter . | . . . . . . . . . . . . . . . . . . . . . . . . . . . . . . . . . . . . . Retrieved Components 20 | . . . 10 . . . 10 . . . . . . . . . . . . . . . . . . . . . . . . . . . . . Parts Scanalyzed 7 | . . . 3 . . . 4 . . . . . . . . . . . . . . . . . . . . . . . . . . . . . Part Schematics Acquired 7 | . . . 3 . . . 4 . . . . . . . . . . . . . . . . . . . . . . . . . . . . . Parts Damaged . | . . . . . . . . . . . . . . . . . . . . . . . . . . . . . . . . . . . . . Bothacking | -11 -10 -10 -9 -9 -9 -8 -8 -8 -7 -7 -7 -7 -6 -6 -6 -6 -6 -6 -5 -5 -5 -5 -5 -5 -5 -5 -4 -4 -4 -4 -4 -4 -3 -3 -3 -3 ------------ Run | Scr Mat Min Mat Min Exi Min Mat Sto Fac Low Low Dat Pro Fac Low Low Zio Dee Pro Fac Was Fac Ext Cet Arc Hub Fac Was Fac Upp Upp Zhi Pro Res Qua Sec Used RIF Installer . | . . . . . . . . . . . . . . . . . . . . . . . . . . . . . . . . . . . . . Robots Hacked 7 | . . . . . . . . . . . . 1 . . . . . . . . . . 1 . . 1 4 . . . . . . . . . Non-combat 4 | . . . . . . . . . . . . . . . . . . . . . . . . . . . 4 . . . . . . . . . Combat 3 | . . . . . . . . . . . . 1 . . . . . . . . . . 1 . . 1 . . . . . . . . . . Robot Hacks Applied 11 | . . . . . . . . . . . . 1 . . . . . . . . . . 1 2 1 1 5 . . . . . . . . . parse_system 8 | . . . . . . . . . . . . 1 . . . . . . . . . . 1 2 1 1 2 . . . . . . . . . find_chute 3 | . . . . . . . . . . . . . . . . . . . . . . . . . . . 3 . . . . . . . . . Relay Couplers Released 7 | . . . . . . . . . 3 . . . . 3 . . . . . . . . . . . 1 . . . . . . . . . . Machine Destruction 1 | . . . . . . . . . . . . . . . . . . . . . . . . . . 1 . . . . . . . . . . Programmers 6 | . . . . . . . . . 3 . . . . 3 . . . . . . . . . . . . . . . . . . . . . . Fabnet Peak Effective % . | . . . . . . . . . . . . . . . . . . . . . . . . . . . . . . . . . . . . . Robots Rewired 23 | . . . . . 4 . . . . . 2 . . . . . . . . . . . 6 . . . . . . . . . 11 . . . Allies Hacked 1 | . . . . . . . . . . . . . . . . . . . . . . . . . . . . . . . . . . 1 . . Hacks Repelled . | . . . . . . . . . . . . . . . . . . . . . . . . . . . . . . . . . . . . . Allies | -11 -10 -10 -9 -9 -9 -8 -8 -8 -7 -7 -7 -7 -6 -6 -6 -6 -6 -6 -5 -5 -5 -5 -5 -5 -5 -5 -4 -4 -4 -4 -4 -4 -3 -3 -3 -3 -------- Run | Scr Mat Min Mat Min Exi Min Mat Sto Fac Low Low Dat Pro Fac Low Low Zio Dee Pro Fac Was Fac Ext Cet Arc Hub Fac Was Fac Upp Upp Zhi Pro Res Qua Sec Total Allies 66 | . . . . 3 4 . . . 3 . 2 . 1 . . 2 2 . . . 20 . 13 5 . . . . . . . . 11 . . . Largest Group 20 | . . . . 3 4 4 2 . 3 . 2 2 3 3 . 2 2 2 1 . 20 20 19 14 10 5 . . . . . . 9 5 4 . Highest-Rated Group 776 | . . . . 40 45 45 29 . 68 . 48 48 144 144 . 62 192 192 87 . 744 744 693 776 690 347 . . . . . . 520 345 281 . Highest-Rated Ally 159 | . . . . 16 21 21 21 . 26 . 32 32 96 96 . 31 96 96 87 . 50 50 159 159 159 96 . . . . . . 89 89 89 . Total Orders . | . . . . . . . . . . . . . . . . . . . . . . . . . . . . . . . . . . . . . Ally Attacks 834 | . . . . 31 . 33 20 . 18 . 3 . 21 37 . 7 . 117 3 . . 38 155 96 23 88 . . . . . . 97 37 10 . Total Damage 21814 | . . . . 322 . 359 230 . 296 . 29 . 425 1320 . 42 . 3565 . . . 766 4921 2599 845 2887 . . . . . . 1850 1123 235 . Kills 153 | . . . . 5 . 5 3 . 2 . . . 2 12 . . . 29 . . . 7 34 15 4 20 . . . . . . 9 6 . . Allies Corrupted 1 | . . . . . . . . . 1 . . . . . . . . . . . . . . . . . . . . . . . . . . . Allies Melted . | . . . . . . . . . . . . . . . . . . . . . . . . . . . . . . . . . . . . . Intel | -11 -10 -10 -9 -9 -9 -8 -8 -8 -7 -7 -7 -7 -6 -6 -6 -6 -6 -6 -5 -5 -5 -5 -5 -5 -5 -5 -4 -4 -4 -4 -4 -4 -3 -3 -3 -3 ------- Run | Scr Mat Min Mat Min Exi Min Mat Sto Fac Low Low Dat Pro Fac Low Low Zio Dee Pro Fac Was Fac Ext Cet Arc Hub Fac Was Fac Upp Upp Zhi Pro Res Qua Sec Robot Analysis Total 14 | . 2 . 2 . . . 2 1 . . . . . . . . . . . . . . 2 . . 1 . . . . . 4 . . . . Derelict Logs Recovered 19 | . . 2 . 2 . . . . . 2 2 . 1 . . 1 2 . 2 . . . . . . . . . . 2 3 . . . . . Drone Launches . | . . . . . . . . . . . . . . . . . . . . . . . . . . . . . . . . . . . . . Drone Recoveries . | . . . . . . . . . . . . . . . . . . . . . . . . . . . . . . . . . . . . . Exploration | -11 -10 -10 -9 -9 -9 -8 -8 -8 -7 -7 -7 -7 -6 -6 -6 -6 -6 -6 -5 -5 -5 -5 -5 -5 -5 -5 -4 -4 -4 -4 -4 -4 -3 -3 -3 -3 ------------- Run | Scr Mat Min Mat Min Exi Min Mat Sto Fac Low Low Dat Pro Fac Low Low Zio Dee Pro Fac Was Fac Ext Cet Arc Hub Fac Was Fac Upp Upp Zhi Pro Res Qua Sec Turns Passed 37395 | . 1453 918 2745 955 668 761 1757 2456 1345 791 1822 149 812 1343 813 1110 1031 3271 684 508 504 270 1159 306 818 1227 281 167 811 962 861 283 2082 833 1281 158 Spaces Moved 20115 | 1 852 529 1281 575 431 461 771 1029 923 617 1222 102 556 819 578 746 809 1607 480 275 280 141 583 139 123 494 132 111 351 434 415 158 779 417 667 227 Core 379 | . . . . . . . . . . . . . . . . . . . . . . . . . . . . . . . . . . . 152 227 Treads 5533 | . 456 529 1281 575 431 461 771 1029 . . . . . . . . . . . . . . . . . . . . . . . . . . . . Legs 14203 | 1 396 . . . . . . . 923 617 1222 102 556 819 578 746 809 1607 480 275 280 141 583 139 123 494 132 111 351 434 415 158 779 417 515 . Wheels . | . . . . . . . . . . . . . . . . . . . . . . . . . . . . . . . . . . . . . Hover . | . . . . . . . . . . . . . . . . . . . . . . . . . . . . . . . . . . . . . Flight . | . . . . . . . . . . . . . . . . . . . . . . . . . . . . . . . . . . . . . Fastest Speed 50 | 120 120 160 145 145 145 145 145 145 120 123 130 130 130 123 123 123 126 116 136 136 136 180 180 180 180 172 172 116 172 116 172 172 172 172 50 50 Average Speed 149 | 120 141 160 164 145 145 145 160 168 120 124 130 130 130 127 123 124 126 160 136 137 176 180 180 180 204 183 172 133 172 171 172 172 172 172 149 51 Slowest Speed 240 | 120 160 160 240 145 145 145 225 225 123 130 130 130 130 130 123 193 126 200 136 180 189 189 180 180 210 210 172 172 240 172 172 172 172 172 179 100 Overloaded Moves . | . . . . . . . . . . . . . . . . . . . . . . . . . . . . . . . . . . . . . Propulsion Burnouts . | . . . . . . . . . . . . . . . . . . . . . . . . . . . . . . . . . . . . . Robots Hopped . | . . . . . . . . . . . . . . . . . . . . . . . . . . . . . . . . . . . . . Cave-ins Triggered . | . . . . . . . . . . . . . . . . . . . . . . . . . . . . . . . . . . . . . Teleports 1 | . . . . . . . . . . . . . . . . . . . . . . . . . . . . . . . . . . . 1 . Exploration Rate (%) 63 | 2 94 94 97 99 89 97 83 94 33 79 94 74 68 27 69 89 81 89 68 10 92 5 86 72 88 47 6 80 9 56 51 60 76 14 71 19 Regions Visited 36 Branch Regions 24 Pre-discovered Areas 18 | . 2 . 2 1 1 . 2 2 . . 1 1 . . . . 1 . 1 . . . . . . . . . . . 1 3 . . . . Known Exits Taken 27 | . 1 . 1 . . . 1 1 1 1 1 1 1 1 1 1 1 1 1 . . 1 1 1 1 1 . . 1 1 1 1 1 1 1 . Unknown Exits Taken 5 | 1 . 1 . 1 1 1 . . . . . . . . . . . . . . . . . . . . . . . . . . . . . . Scrap Searched 24 | . . 1 . 2 . 1 . . . 1 3 . 1 . 3 2 3 . 2 . . . . . . . . . . . 4 . 1 . . . Spaces Dug 18 | . . . . . . . . . . . 1 . . . . . . . 1 2 . . . . . . . . 6 . 2 . . 4 1 1 Terrain Destroyed 808 | . . . . . . . 23 . . . 136 . 48 7 41 10 . . 5 17 . . 2 2 . 342 . 73 13 2 10 . 45 13 18 1 Melee 2 | . . . . . . . . . . . 1 . . . . . . . . . . . . . . . . . . . . . . . . 1 Projectile 113 | . . . . . . . . . . . . . . . . . . . 5 17 . . 2 2 . 25 . . 13 2 10 . 6 13 18 . AOE 693 | . . . . . . . 23 . . . 135 . 48 7 41 10 . . . . . . . . . 317 . 73 . . . . 39 . . . Terrain Rammed . | . . . . . . . . . . . . . . . . . . . . . . . . . . . . . . . . . . . . . Walls Destroyed . | . . . . . . . . . . . . . . . . . . . . . . . . . . . . . . . . . . . . . Machines Disabled . | . . . . . . . . . . . . . . . . . . . . . . . . . . . . . . . . . . . . . Actions | -11 -10 -10 -9 -9 -9 -8 -8 -8 -7 -7 -7 -7 -6 -6 -6 -6 -6 -6 -5 -5 -5 -5 -5 -5 -5 -5 -4 -4 -4 -4 -4 -4 -3 -3 -3 -3 --------- Run | Scr Mat Min Mat Min Exi Min Mat Sto Fac Low Low Dat Pro Fac Low Low Zio Dee Pro Fac Was Fac Ext Cet Arc Hub Fac Was Fac Upp Upp Zhi Pro Res Qua Sec Total 25626 | . 1024 570 1712 670 473 516 1053 1546 1073 633 1396 117 623 997 648 909 817 2237 494 331 291 155 657 166 685 679 169 123 522 645 513 171 1458 476 823 254 Wait 3353 | . 78 15 254 78 2 27 102 346 55 . 84 10 31 27 20 134 . 473 1 6 3 13 21 4 549 62 3 . 126 191 57 . 544 8 29 . Move 20081 | . 851 528 1280 574 430 460 770 1028 922 616 1221 101 555 818 577 745 808 1606 479 275 279 140 582 138 122 493 132 110 350 433 414 157 778 416 666 227 Hop . | . . . . . . . . . . . . . . . . . . . . . . . . . . . . . . . . . . . . . Pick Up 197 | . 17 2 15 1 2 2 12 12 10 3 9 1 4 12 7 5 2 27 1 2 4 1 4 2 . 11 2 1 1 1 4 3 5 5 7 . Fast Attach 113 | . 5 . 6 1 . 1 11 9 1 . 8 . 2 7 3 1 . 14 2 1 . . . . 4 4 1 . 6 4 2 5 2 6 4 3 Attach 102 | . 2 . 4 . . 1 3 . 8 2 10 1 4 7 3 3 . 11 . 4 1 . . 1 . 3 4 1 8 . 1 . 4 4 8 4 Detach 25 | . 2 . . . . . 2 . . . 1 . 1 2 . . . 4 . . . . . . 2 1 1 . 3 . . . . . 2 4 Swap 203 | . 7 2 16 . 1 . 9 13 21 3 4 1 6 39 6 3 2 11 . 4 1 . 3 2 . 4 . . 2 2 10 . 11 7 13 . Drop 325 | . 18 5 25 2 2 4 20 26 16 4 16 1 6 20 11 6 2 44 2 . 3 . 2 1 4 18 2 3 1 10 2 6 19 4 20 . Fire 1059 | . 42 16 111 14 1 21 121 110 40 5 26 2 14 64 21 12 3 47 9 32 . 1 20 18 4 78 24 8 19 4 23 . 49 26 74 . Melee 32 | . . . . . . . . . . . 14 . . . . . . . . 7 . . . . . . . . 1 . . . . . . 10 Ram 6 | . . . . . . . . . . . . . . . . . . . . . . . . . . . . . . . . . . . . 6 Kick 3 | . 2 . . . . . . . . . . . . 1 . . . . . . . . . . . . . . . . . . . . . . Crush 7 | . . 2 1 . . . 3 1 . . . . . . . . . . . . . . . . . . . . . . . . . . . . Escape Stasis 10 | . . . . . . . . . . . . . . . . . . . . . . . . . . 5 . . 5 . . . . . . . Rewire 110 | . . . . . 35 . . 1 . . 3 . . . . . . . . . . . 25 . . . . . . . . . 46 . . . Trap . | . . . . . . . . . . . . . . . . . . . . . . . . . . . . . . . . . . . . . Miscellaneous . | . . . . . . . . . . . . . . . . . . . . . . . . . . . . . . . . . . . . . Route ------- -11/Scrapyard -10/Materials (discovered 5 exits: *Mat x3 / *Min x2) -10/Mines (discovered 2 exits: *Mat x2) -9/Materials (discovered 4 exits: *Mat x3 / *Min) -9/Mines (discovered 3 exits: *Mat x2 / *Exi) -9/Exiles -8/Mines (discovered 2 exits: *Mat x2) -8/Materials (discovered 5 exits: *Fac x3 / *Sto x2) -8/Storage (discovered 2 exits: *Fac / Rec) -7/Factory (discovered 4 exits: *Fac x2 / *Low x2) -7/Lower Caves -7/Lower Caves (discovered 2 exits: *Fac / *Dat) -7/Data Miner -6/Proximity Caves -6/Factory (discovered 2 exits: Fac / *Low) -6/Lower Caves -6/Lower Caves (discovered 2 exits: *Fac / *Zio) -6/Zion (discovered 2 exits: *Dee / [*Pro]) -6/Deep Caves -5/Proximity Caves -5/Factory (discovered 4 exits: Fac x3 / Upp) -5/Waste -5/Factory -5/Extension (discovered 2 exits: *Fac / *Cet) -5/Cetus (discovered 2 exits: *Fac / *Arc) -5/Archives (discovered 3 exits: *Fac / *Hub x2) -5/Hub_04(d) (discovered 4 exits: *Fac x4) -4/Factory -4/Waste -4/Factory -4/Upper Caves -4/Upper Caves (discovered 2 exits: Res / *Zhi) -4/Zhirov -3/Proximity Caves -3/Research (discovered 2 exits: [Res] / *Qua) -3/Quarantine (discovered 2 exits: [*Res] / *Sec) -3/Section 7 History --------- Turn | Location | Event 1 | -11/Scrapyard | Discovered new exit (range 0) 1 | -11/Scrapyard | Entered Materials 155 | -10/Materials | Discovered new exit (range 13) 280 | -10/Materials | Discovered new exit (range 7) 280 | -10/Materials | Discovered new exit (range 16) 309 | -10/Materials | Build established: Mutant 661 | -10/Materials | Discovered new exit (range 14) 1066 | -10/Materials | Identified exit to Mines 1243 | -10/Materials | Discovered new exit (range 16) 1454 | -10/Materials | Entered Mines 1463 | -10/Mines | Met a Derelict bent on vengeance 1472 | -10/Mines | Learned Materials stockpile data 1625 | -10/Mines | Found the Drone Emporium 1634 | -10/Mines | Found Prototype Device 1735 | -10/Mines | Discovered new exit (range 15) 1752 | -10/Mines | Found a damaged Exp. Sensor Array with a note attached 1756 | -10/Mines | Found Prototype Device 1846 | -10/Mines | Core integrity fell below 50% 1989 | -10/Mines | Discovered new exit (range 15) 2372 | -10/Mines | Entered Materials 2372 | -9/Materials | Evolved 2 slots: Propulsion x1, Utility x1 2598 | -9/Materials | Identified Exp. Sensor Array 2598 | -9/Materials | Identified Decoy Drone Bay 2884 | -9/Materials | Discovered new exit (range 16) 3447 | -9/Materials | Identified exit to Mines 3542 | -9/Materials | Central database locked down 3963 | -9/Materials | Discovered new exit (range 6) 4338 | -9/Materials | Repaired Disposable Heat Sink 4390 | -9/Materials | Repaired Imp. Medium Laser 4953 | -9/Materials | Discovered new exit (range 15) 5117 | -9/Materials | Entered Mines 5210 | -9/Mines | Assisted by bots powering up and referring to "LRC-V3" 5317 | -9/Mines | Received a Rocket Launcher from a helpful Derelict 5447 | -9/Mines | Learned location of 1 exit from Materials 5457 | -9/Mines | Discovered new exit (range 9) 5586 | -9/Mines | Discovered new exit (range 8) 5637 | -9/Mines | Learned Materials emergency access door positions 6066 | -9/Mines | Deemed a non-threat by the Exiles lab entrance 6066 | -9/Mines | Discovered new exit (range 5) 6072 | -9/Mines | Entered Exiles 6072 | -9/Exiles | Found Exiles lab destroyed 6225 | -9/Exiles | Opened EX-Vault 6236 | -9/Exiles | Found 0b10 Alert Chip 6329 | -9/Exiles | Learned location of Zion (-6) 6725 | -9/Exiles | Discovered new exit (range 10) 6740 | -9/Exiles | Entered Mines 6740 | -8/Mines | Accompanied by 4 allies 6887 | -8/Mines | Discovered new exit (range 14) 6989 | -8/Mines | Build established: Commander-Mutant 7427 | -8/Mines | Build established: Mutant 7488 | -8/Mines | Discovered new exit (range 6) 7501 | -8/Mines | Entered Materials 7501 | -8/Materials | Accompanied by 2 allies 7501 | -8/Materials | Evolved 2 slots: Utility x2 7502 | -8/Materials | Identified exit to Storage 7868 | -8/Materials | Discovered new exit (range 10) 8031 | -8/Materials | Build established: Hacker-Mutant 8329 | -8/Materials | Discovered new exit (range 11) 8392 | -8/Materials | Build established: Mutant 8891 | -8/Materials | Garrison activated, responded to threat 9067 | -8/Materials | Discovered new exit (range 10) 9258 | -8/Materials | Entered Storage 9259 | -8/Storage | Identified exit to Recycling 10179 | -8/Storage | Discovered new exit (range 16) 10304 | -8/Storage | Repaired Exp. Sensor Array 11070 | -8/Storage | Found Prototype Launcher 11070 | -8/Storage | Identified Gui. Missile Launcher 11172 | -8/Storage | Identified exit to Factory 11520 | -8/Storage | Repaired Carbon-fiber Leg 11547 | -8/Storage | Repaired Lrg. Storage Unit 11586 | -8/Storage | Repaired Imp. Signal Interpreter 11714 | -8/Storage | Entered Factory 11714 | -7/Factory | Evolved 2 slots: Utility x2 11724 | -7/Factory | Discovered new exit (range 10) 11767 | -7/Factory | Identified exit to Factory 11862 | -7/Factory | Fabricated Adv. Signal Interpreter (x2) 12125 | -7/Factory | Build established: Hacker-Mutant 12329 | -7/Factory | Discovered exit to Factory (range 7) 12898 | -7/Factory | Identified exit to Lower Caves 13059 | -7/Factory | Entered Lower Caves 13124 | -7/Lower Caves | Encountered a Warlord checkpoint 13422 | -7/Lower Caves | Learned 4 Factory zone layouts 13425 | -7/Lower Caves | Learned Factory terminal intel 13756 | -7/Lower Caves | Discovered new exit (range 11) 13783 | -7/Lower Caves | Identified exit to Lower Caves 13850 | -7/Lower Caves | Entered another Lower Caves area 13851 | -7/Lower Caves | Encountered a Warlord checkpoint 13978 | -7/Lower Caves | Discovered exit to Factory (range 7) 14224 | -7/Lower Caves | Found Alien Artifact 14224 | -7/Lower Caves | Identified Dimensional Node Initializer 14224 | -7/Lower Caves | Initialized slip node 14711 | -7/Lower Caves | Attracted the attention of an 0b10 outpost 14743 | -7/Lower Caves | Destroyed 7 combat bots 14766 | -7/Lower Caves | Identified exit to Data Miner 15672 | -7/Lower Caves | Entered Data Miner 15672 | -7/Data Miner | Accompanied by 2 allies 15672 | -7/Data Miner | Discovered new exit (range 6) 15697 | -7/Data Miner | Met Data Miner 15750 | -7/Data Miner | Learned location of Section 7 (-3) 15750 | -7/Data Miner | Acquired the access code to Warlord's prototype stash 15778 | -7/Data Miner | Received God Mode back door access code from Data Miner 15809 | -7/Data Miner | Identified exit to Proximity Caves 15821 | -7/Data Miner | Entered Proximity Caves 15821 | -6/Proximity Caves | Accompanied by 2 allies 16158 | -6/Proximity Caves | Learned location of 2 exits from Factory 16192 | -6/Proximity Caves | Escorted by Enhanced Grunt 16448 | -6/Proximity Caves | Attracted the attention of an 0b10 checkpoint 16464 | -6/Proximity Caves | Discovered exit to Factory (range 9) 16633 | -6/Proximity Caves | Entered Factory 16633 | -6/Factory | Accompanied by 3 allies 16633 | -6/Factory | Evolved 2 slots: Power x1, Utility x1 16634 | -6/Factory | Identified exit to Factory 16634 | -6/Factory | Identified exit to Lower Caves 16636 | -6/Factory | Loaded intel: 25 terminal locations 17842 | -6/Factory | Repaired Insulated Plating 17976 | -6/Factory | Entered Lower Caves 18211 | -6/Lower Caves | Encountered a Warlord checkpoint 18489 | -6/Lower Caves | Discovered new exit (range 15) 18787 | -6/Lower Caves | Identified exit to Lower Caves 18789 | -6/Lower Caves | Entered another Lower Caves area 18854 | -6/Lower Caves | A Commander dispatched an escort 19683 | -6/Lower Caves | Discovered new exit (range 12) 19700 | -6/Lower Caves | Identified exit to Zion 19899 | -6/Lower Caves | Entered Zion 19961 | -6/Zion | Received a hallucinogenic algorithm 20014 | -6/Zion | Discovered new exit (range 11) 20149 | -6/Zion | Acquired unknown access codes intercepted by a Zionite 20631 | -6/Zion | Given A8's code to call for help 20640 | -6/Zion | Learned Factory stockpile data 20719 | -6/Zion | Found CR-A16's Pointy Stick 20882 | -6/Zion | Opened final containment barrier to the Deep Caves 20902 | -6/Zion | Discovered new exit (range 3) 20902 | -6/Zion | Saw the warning signs outside the Deep Caves entrance 20918 | -6/Zion | Enhanced Grunt warped into view, answering call for help 20921 | -6/Zion | Enhanced Grunt warped into view, answering call for help 20928 | -6/Zion | Identified exit to Deep Caves 20930 | -6/Zion | Entered Deep Caves 20930 | -6/Deep Caves | Accompanied by 2 allies 21318 | -6/Deep Caves | Z-Facility disabled 21399 | -6/Deep Caves | Attacked by Z-Imprinter 21411 | -6/Deep Caves | Allies destroyed Z-Imprinter 21444 | -6/Deep Caves | Found Prototype Protection 21444 | -6/Deep Caves | Identified Zio. Weapon Casing 21734 | -6/Deep Caves | Build established: Scavenger-Mutant 21913 | -6/Deep Caves | Found Prototype Protection 21913 | -6/Deep Caves | Identified Zio. Heavy Carapace 21918 | -6/Deep Caves | Found Zio. Heavy Carapace 22366 | -6/Deep Caves | Discovered new exit (range 6) 22376 | -6/Deep Caves | Identified exit to Proximity Caves 22781 | -6/Deep Caves | Spotted as-89817 22790 | -6/Deep Caves | Destroyed as-89817 22903 | -6/Deep Caves | Triggered Deep Caves wall 22903 | -6/Deep Caves | Spotted AS-97845 22906 | -6/Deep Caves | Destroyed AS-97845 22916 | -6/Deep Caves | Spotted AS-27769 22926 | -6/Deep Caves | Destroyed AS-27769 22933 | -6/Deep Caves | Destroyed 24 combat bots 22977 | -6/Deep Caves | Exposed GOLEM chamber 23009 | -6/Deep Caves | Found GOLEM Unit 23192 | -6/Deep Caves | Found GOLEM Unit 23199 | -6/Deep Caves | Found GOLEM Unit 23491 | -6/Deep Caves | Build established: Golem 23572 | -6/Deep Caves | Found Zio. Weapon Casing 23584 | -6/Deep Caves | Found Zio. Weapon Casing 23791 | -6/Deep Caves | Build established: Mutant 24201 | -6/Deep Caves | Entered Proximity Caves 24201 | -5/Proximity Caves | Accompanied by 1 ally 24421 | -5/Proximity Caves | Learned location of Armory (-4) 24645 | -5/Proximity Caves | Found Alien Artifact 24645 | -5/Proximity Caves | Identified Core Expander 24645 | -5/Proximity Caves | Installed Core Expander, added new Weapon slot 24848 | -5/Proximity Caves | Learned 12 Factory zone layouts 24885 | -5/Proximity Caves | Entered Factory 24885 | -5/Factory | Evolved 2 slots: Utility x2 24886 | -5/Factory | Identified exit to Factory 24886 | -5/Factory | Identified exit to Upper Caves 25212 | -5/Factory | Spotted B-75 Beast 25241 | -5/Factory | Revealed the true nature of CR-A16's Pointy Stick 25246 | -5/Factory | Destroyed B-75 Beast 25393 | -5/Factory | Sucked down chute 25393 | -5/Factory | Entered Waste 25394 | -5/Waste | Joined by Warlord forces that had cleared the area 25484 | -5/Waste | Found Damper Plating 25658 | -5/Waste | Discovered new exit (range 16) 25764 | -5/Waste | Identified exit to Factory 25795 | -5/Waste | Build established: Scavenger-Assassin 25897 | -5/Waste | Entered Factory 25897 | -5/Factory | Accompanied by 20 allies 26138 | -5/Factory | Discovered new exit (range 10) 26153 | -5/Factory | Identified exit to Extension 26167 | -5/Factory | Entered Extension 26167 | -5/Extension | Accompanied by 18 allies 26273 | -5/Extension | Rescued a captive Derelict 26331 | -5/Extension | Rescued a captive Derelict 26507 | -5/Extension | Rescued A7 26887 | -5/Extension | Spotted B-75 Beast 26894 | -5/Extension | Allies destroyed B-75 Beast 26903 | -5/Extension | Spotted B-75 Beast 26913 | -5/Extension | Allies destroyed B-75 Beast 27100 | -5/Extension | Rescued a captive Derelict 27100 | -5/Extension | Rescued a captive Derelict 27225 | -5/Extension | Rescued a captive Derelict 27226 | -5/Extension | Rescued a captive Derelict 27269 | -5/Extension | Build established: Scavenger-Skirmisher 27280 | -5/Extension | Discovered exit to Factory (range 10) 27281 | -5/Extension | Discovered new exit (range 6) 27294 | -5/Extension | Identified exit to Cetus 27325 | -5/Extension | Disrupted transfer network 27326 | -5/Extension | Entered Cetus 27326 | -5/Cetus | Accompanied by 14 allies (A7) 27331 | -5/Cetus | Acquired a Cetus Manufacturing Module code from A7 27348 | -5/Cetus | Spotted Cetus Guard 27349 | -5/Cetus | Spotted Cetus Guard 27353 | -5/Cetus | Spotted Cetus Guard 27361 | -5/Cetus | Allies destroyed Cetus Guard 27365 | -5/Cetus | Destroyed Cetus Guard 27368 | -5/Cetus | Allies destroyed Cetus Guard 27437 | -5/Cetus | Started Cetus Manufacturing Module 27456 | -5/Cetus | Escorted A7 to Cetus Mainframe 27462 | -5/Cetus | Manufactured an Enhanced Grunt 27487 | -5/Cetus | Manufactured an Enhanced Grunt 27489 | -5/Cetus | Discovered new exit (range 16) 27512 | -5/Cetus | Manufactured an Enhanced Grunt 27530 | -5/Cetus | Spotted Cetus Guard 27532 | -5/Cetus | Spotted Cetus Guard 27532 | -5/Cetus | Spotted Cetus Guard 27537 | -5/Cetus | Manufactured an Enhanced Grunt 27541 | -5/Cetus | Allies destroyed Cetus Guard 27543 | -5/Cetus | Destroyed Cetus Guard 27545 | -5/Cetus | Allies destroyed Cetus Guard 27559 | -5/Cetus | Discovered exit to Factory (range 16) 27562 | -5/Cetus | Manufactured an Enhanced Grunt 27569 | -5/Cetus | Cetus Manufacturing Module disabled 27569 | -5/Cetus | Met Revision 17 27625 | -5/Cetus | Identified exit to Archives 27632 | -5/Cetus | Entered Archives 27632 | -5/Archives | Accompanied by 10 allies (A7) 27637 | -5/Archives | Received a hacking code to weaken MAIN.C 27677 | -5/Archives | Found Prototype Device 27677 | -5/Archives | Identified Exp. Thermal Shield 27715 | -5/Archives | Discovered exit to Factory (range 16) 27799 | -5/Archives | Discovered new exit (range 13) 27941 | -5/Archives | Unable to access archive contents 27946 | -5/Archives | Discovered new exit (range 16) 27975 | -5/Archives | Identified exit to Hub_04(d) 27982 | -5/Archives | Build established: Scavenger-Tank 28450 | -5/Archives | Entered Hub_04(d) 28450 | -5/Hub_04(d) | Accompanied by 5 allies 28489 | -5/Hub_04(d) | Incoming assault squad redirected 28690 | -5/Hub_04(d) | Incoming investigation squad redirected 28805 | -5/Hub_04(d) | Build established: Hacker-Skirmisher 28995 | -5/Hub_04(d) | Incoming investigation squad redirected 29050 | -5/Hub_04(d) | First assault squad dispatched 29187 | -5/Hub_04(d) | Network Hub disabled 29508 | -5/Hub_04(d) | Build established: Scavenger-Mutant 29529 | -5/Hub_04(d) | Spotted Lightning 29534 | -5/Hub_04(d) | Spotted Lightning 29534 | -5/Hub_04(d) | Spotted Lightning 29586 | -5/Hub_04(d) | Destroyed Lightning 29595 | -5/Hub_04(d) | Destroyed Lightning 29628 | -5/Hub_04(d) | Destroyed Lightning 29640 | -5/Hub_04(d) | Found Exp. Targeting Computer 29643 | -5/Hub_04(d) | Found Exp. Phase Shifter 29653 | -5/Hub_04(d) | Found EMDS 29674 | -5/Hub_04(d) | Network Hub disabled 29677 | -5/Hub_04(d) | Entered Factory 29677 | -4/Factory | Evolved 2 slots: Utility x2 29958 | -4/Factory | Sucked down chute 29958 | -4/Factory | Entered Waste 29973 | -4/Waste | EMP discharged 30007 | -4/Waste | Spotted C-40 Crusher 30007 | -4/Waste | Spotted C-40 Crusher 30011 | -4/Waste | Spotted C-40 Crusher 30018 | -4/Waste | Spotted C-40 Crusher 30018 | -4/Waste | Destroyed C-40 Crusher 30031 | -4/Waste | Spotted C-40 Crusher 30064 | -4/Waste | Spotted C-40 Crusher 30073 | -4/Waste | EMP discharged 30114 | -4/Waste | Discovered new exit (range 11) 30124 | -4/Waste | Identified exit to Factory 30125 | -4/Waste | Entered Factory 30207 | -4/Factory | Build established: Scavenger-Skirmisher 30375 | -4/Factory | Repaired Enh. Biometal Leg 30443 | -4/Factory | Spotted B-86 Titan 30456 | -4/Factory | Destroyed B-86 Titan 30651 | -4/Factory | Discovered new exit (range 20) 30739 | -4/Factory | Build established: Scavenger-Assassin 30754 | -4/Factory | Repaired Enh. Biometal Leg 30800 | -4/Factory | Identified exit to Upper Caves 30913 | -4/Factory | Incoming investigation squad redirected 30936 | -4/Factory | Entered Upper Caves 31191 | -4/Upper Caves | Attracted the attention of an 0b10 checkpoint 31635 | -4/Upper Caves | Learned Research emergency access door positions 31642 | -4/Upper Caves | Learned Research terminal intel 31671 | -4/Upper Caves | Discovered new exit (range 12) 31688 | -4/Upper Caves | Identified exit to Upper Caves 31898 | -4/Upper Caves | Entered another Upper Caves area 32333 | -4/Upper Caves | Learned 8 Research zone layouts 32405 | -4/Upper Caves | Identified exit to Research 32713 | -4/Upper Caves | Discovered new exit (range 24) 32757 | -4/Upper Caves | Identified exit to Zhirov 32759 | -4/Upper Caves | Entered Zhirov 32759 | -4/Zhirov | Discovered new exit (range 4) 32790 | -4/Zhirov | Met Zhirov 32837 | -4/Zhirov | Found Alien Artifact 32837 | -4/Zhirov | Identified Integrated Reactor 32837 | -4/Zhirov | Installed Integrated Reactor, increased core energy generation (+10) 32861 | -4/Zhirov | Found Alien Artifact 32970 | -4/Zhirov | Zhirov requested help retrieving the SGEMP Prototype 32978 | -4/Zhirov | Learned location of Quarantine (-3) 32978 | -4/Zhirov | Learned location of Testing (-2) 33040 | -4/Zhirov | Identified exit to Proximity Caves 33042 | -4/Zhirov | Entered Proximity Caves 33596 | -3/Proximity Caves | Attracted the attention of an 0b10 checkpoint 33857 | -3/Proximity Caves | Snuck into a huge 0b10 base via the rear entrance 34148 | -3/Proximity Caves | Build established: Scavenger-Skirmisher 34238 | -3/Proximity Caves | Discovered exit to Research (range 8) 34564 | -3/Proximity Caves | Spotted B-86 Titan 35124 | -3/Proximity Caves | Entered Research 35124 | -3/Research | Accompanied by 5 allies 35124 | -3/Research | Evolved 2 slots: Utility x2 35127 | -3/Research | Loaded intel: 22 terminal locations 35135 | -3/Research | Discovered new exit (range 14) 35220 | -3/Research | Spotted B-86 Titan 35232 | -3/Research | Allies destroyed B-86 Titan 35310 | -3/Research | Fabricated Exp. Optical Array (x1) 35504 | -3/Research | Build established: Commander-Assassin 35602 | -3/Research | Discovered new exit (range 15) 35737 | -3/Research | P-80 Master assimilated allied Warden 8b 35953 | -3/Research | Identified exit to Quarantine 35957 | -3/Research | Entered Quarantine 35957 | -3/Quarantine | Accompanied by 4 allies 35975 | -3/Quarantine | Found Alien Artifact 35975 | -3/Quarantine | Identified Phase Redirector 36043 | -3/Quarantine | Spotted Alpha 7 36080 | -3/Quarantine | Destroyed Alpha 7 36099 | -3/Quarantine | Found Exp. Targeting Computer 36262 | -3/Quarantine | Discovered new exit (range 22) 36312 | -3/Quarantine | Cryocooling Duct disabled 36327 | -3/Quarantine | Ambient heat levels rising (+20) 36327 | -3/Quarantine | Non-combat units ordered to evacuate 36562 | -3/Quarantine | Build established: Assassin 36722 | -3/Quarantine | Repaired Smartbomb Launcher 36988 | -3/Quarantine | Cryocooling Duct disabled 37003 | -3/Quarantine | Ambient heat levels rising (+20) 37003 | -3/Quarantine | Combat units ordered to evacuate 37103 | -3/Quarantine | Quarantine Guard activated 37103 | -3/Quarantine | Spotted Quarantine Guard 37103 | -3/Quarantine | Spotted Quarantine Guard 37103 | -3/Quarantine | Spotted Quarantine Guard 37103 | -3/Quarantine | Spotted Quarantine Guard 37146 | -3/Quarantine | Destroyed Quarantine Guard 37155 | -3/Quarantine | Identified Transdimensional Reconstructor 37155 | -3/Quarantine | Warped through subspace 37169 | -3/Quarantine | Spotted Quarantine Guard 37184 | -3/Quarantine | Lost 5 parts (4u1w) 37202 | -3/Quarantine | Spotted Fortress 37204 | -3/Quarantine | Core integrity fell below 50% 37236 | -3/Quarantine | Discovered new exit (range 6) 37238 | -3/Quarantine | Identified exit to Section 7 37238 | -3/Quarantine | Entered Section 7 37278 | -3/Section 7 | Build established: Mutant 37297 | -3/Section 7 | Found Integrated Reactor 37297 | -3/Section 7 | Installed Integrated Reactor, increased core energy generation (+10) 37315 | -3/Section 7 | Found Alien Artifact 37315 | -3/Section 7 | Identified Integrated Dissipator 37315 | -3/Section 7 | Installed Integrated Dissipator, increased core heat dissipation (+20) 37346 | -3/Section 7 | Spotted S7 Guard 37350 | -3/Section 7 | Core integrity fell below 20% 37376 | -3/Section 7 | Found Alien Artifact 37376 | -3/Section 7 | Identified Core Reset Matrix 37376 | -3/Section 7 | Used Core Reset Matrix 37380 | -3/Section 7 | Sensed 15 artifacts in vicinity 37392 | -3/Section 7 | Spotted Alpha 7 37392 | -3/Section 7 | Spotted Alpha 7 37396 | -3/Section 7 | Destroyed by P-80 Master with Gamma Rifle Last Messages --------------- 37370_ Sneak attack on C-55 Analyst. 37370_ C-55 Analyst destroyed. 37371_ Extracted schematic archive: Helical Railgun. 37372_ Suspension Chamber breached. 37376_ Acquired Alien Artifact. 37376_ Identified Core Reset Matrix. 37376_ Wiping memory... 37377_ CORE RESET 37377_ Slammed into S-43 Plague. 37380_ Sensed 15 artifacts in vicinity. 37380_ Extracted schematic archive: Exp. Focal Shield. 37387_ W-44 Eye distress signal alerts nearby ally. 37388_ Slammed into W-44 Eye. 37388_ Destabilizing: System corrupted (+1). 37389_ Slammed into W-44 Eye. 37392_ W-44 Eye distress signal alerts nearby ally. 37392_ K-01 Serf destroyed. 37394_ Penetrated by Slug. 37394_ Slug penetrates Wall. 37394_ W-44 Eye destroyed. Map ----- +----------------------------------------------------+ | ?????????????????????????????????????????????????? | | ?????????????????????????????????????????????????? | | ?????????????????????????????????????????????????? | | ?????????????????????????????????????????????????? | | ?????????????????????????????????????????????????? | | ?????????????????????????????????????????????????? | | ?????????????????????????????????????????????????? | | ?????????????????????????????????????????????????? | | ?????????????????????????????????????????????????? | | ?????????????????????????????????????????????????? | | ?????????????????????????????????????????????????? | | ?????????????????????????????????????????????????? | | ?????????????????????????????????????????????????? | | ?????????????????????????????????????????????????? | | ?????????????????????????????????????????????????? | | ?????????????????????????????????????????????????? | | ????????????????????????????????????????????"????? | | ??????????????????????????????????????"""" "????? | | ???????????????????????????????????? ??????? | | ???# ????????????????????????????? ????????? | | ???? ??????????????????????????? "??????????? | | ??????] ????????????????????##?"" "??????????? | | ######+#############+##### # """""" ??? | | gg 7 /p p k ??? | | g *%= / ?? | | ! @! / A "??? | | %ws 7 / k "??? | | ################ ########### # ??? | | ??????????# #???????????#??" "??? | | """ "?????????# #????????????????? ??? | | """ "?????????# #???????????????????? ???? | | """ "???????### #?????????????????????? ???? | | ?? ??????+ #?????????????????????????? ???? | | ????/ ??????# #???????????????????????????????? | | ######/####### #???????????????????????????????? | | #???????????????????????????????? | | #???????????????????????????????? | | +???????????????????????????????? | | #???????????????????????????????? | | ##+####/##########???????????????????????????????? | | # #???????????????????????????????????? | | # """! #???????????????????????????????????? | | # " "$!! #???????????????????????????????????? | | # "" | #???????????????????????????????????? | | # ""%$"= #???????????????????????????????????? | | # """"" #???????????????????????????????????? | | # #???????????????????????????????????? | | # #???????????????????????????????????? | | # #???????????????????????????????????? | | # #???????????????????????????????????? | +----------------------------------------------------+ Best States ------------- Heat Dissipation 88 Coolant Potential 50 Energy Generation 77 Energy Capacity 1700 Matter Stores 300 Matter Capacity 300 Sight Range 23 Robot Scan Range 20 Terrain Scan Range 24 Terrain Scan Density 210 Power Amplification 30 Additional Mass Support 20 Armor Coverage 1700 Resistance: KI 40 Resistance: TH 50 Resistance: EX 35 Resistance: EM 100 Resistance: I 35 Resistance: S 35 Resistance: P 35 Power Shielding 66 Weapon Shielding 100 Phase Shifting 20 Evasion (%) 60 Targeting Accuracy 12 Target Analysis 6 Recoil Reduction 3 Energy Filtering 50 Offensive Hacking 22 Defensive Hacking 14 Authchip Count 1 Item Schematics ----------------- Exp. Focal Shield | -3/Section 7 | Archive Robot Schematics ------------------ None Fabricated ------------ Adv. Signal Interpreter | x2 | -7/Factory | Authchip Exp. Optical Array | x1 | -3/Research | Authchip Alien Tech Used ----------------- Dimensional Node Initializer Core Expander Integrated Reactor Phase Redirector Transdimensional Reconstructor Integrated Dissipator Core Reset Matrix Achievements -------------- None Challenges ------------ None Game ------ Seed GravityVisualKatana Manual? 0 Play Time 03:52:11 Cumulative 204.3 hours Start 2022.05.17 @ 19:40:18 End 2022.05.18 @ 00:58:40 Sessions 3 Manual Loads 0 Difficulty Adventurer Special Mode None Game No. 100 Rogue 0 Adventurer 100 Explorer 0 Win Type - Total 14 Types 8/1/1/1/1/0/0/1/1 Lore% 89 Gallery% 85 Achievement% 75 Wizard Run 0 Options --------- ASCII 0 Keyboard 1 Movement Numpad Keybinds 0 Fullscreen 2 Font 18/SmallcapsGlow Map View 76x50 Tactical HUD 1 Map Filters NONE Filters NONE Steam 1 RUN: f28d62f2-5b55-416c-a54d-1004e85e0478